 Dungeon Crawl Stone Soup version 0.30.0-20-g3615ddf2f0 (webtiles) character file.

Game seed: 14818461307011381395

507539 qw the Slayer (level 25, 1/1 (35) HPs)
             Began as a Gargoyle Fighter on May 29, 2023.
             Was an Initiate of Okawaru.
             Quit the game on level 5 of the Lair of Beasts.
             The game lasted 00:49:47 (90240 turns).

qw the Slayer (Gargoyle Fighter)                   Turns: 90240, Time: 00:49:47

HP:   1/1 (35)      AC: 68    Str: 33    XL:     25   Next: 3%
MP:   30/30         EV: 17    Int: 11    God:    Okawaru [......]
Gold: 492           SH: 37    Dex: 15    Spells: 24/24 levels left

rFire   . . .        y - +0 war axe "Gyexurgh" {flame, rN+ rCorr Int+3 SInv}
rCold   + + .        L - +10 tower shield of Ignorance {rN+ Int-4}
rNeg    + + +        A - +4 crystal plate armour
rPois   inf          b - +4 helmet "Xokaoqott" {rC+ Dex+3}
rElec   +            p - +2 cloak
rCorr   +            u - +1 pair of gloves {Dex+3}
SInv    +            x - +2 pair of boots
Will    +....        g - amulet of reflection Stlth
                     i - ring of Sloth {rC+ Str+4}
HPRegen 0.20/turn    B - +5 ring of evasion
MPRegen 0.22/turn

%: reflection
@: flying, extremely drained
A: sickness immunity, AC +19, big wings, negative energy resistance 1,
electricity resistance, torment resistance 1, petrification resistance
}: 3/15 runes: barnacled, silver, gossamer
a: Renounce Religion


You were on level 5 of the Lair of Beasts.
You worshipped Okawaru.
Okawaru was noncommittal.
You visited 9 branches of the dungeon, and saw 44 of its levels.
You also visited: Gauntlet.

You collected 7849 gold pieces.
You spent 7357 gold pieces at shops.


Innate Abilities, Weirdness & Mutations

You are immune to sickness and miasma.
Your stone body is resilient. (AC +19)
You are immune to poison.
Your large and strong wings let you fly.
You resist negative energy. (rN+)
You are resistant to electric shocks. (rElec)
You are resistant to unholy torment.
You are immune to petrification.


   Skills:
 + Level 22.7 Fighting
 - Level 18.0 Axes
 - Level 13.0 Throwing
 - Level 22.0 Armour
 - Level 11.0 Dodging
 - Level 21.6 Shields
 - Level 10.0 Invocations


You had 24 spell levels left.
You didn't know any spells.
Your spell library was empty.

Inventory:

Hand Weapons
 w - the +10 broad axe "Higa" {elec, Dex+6}
   (Okawaru gifted it to you on level 3 of the Vaults)

   Dex:       It affects your dexterity (+6).
 y - the +0 war axe "Gyexurgh" (weapon) {flame, rN+ rCorr Int+3 SInv}
   (You found it on level 5 of the Lair of Beasts)

   Int:       It affects your intelligence (+3).
   rN:        It protects you from negative energy.
   SInv:      It lets you see invisible.
   rCorr:     It protects you from acid and corrosion.
Missiles
 m - a silver javelin (quivered)
 q - 47 javelins
 C - a silver boomerang
 G - 3 boomerangs of dispersal
 K - 16 boomerangs
Armour
 b - the +4 helmet "Xokaoqott" (worn) {rC+ Dex+3}
   (Okawaru gifted it to you on level 2 of the Vaults)

   Dex:       It affects your dexterity (+3).
   rC:        It protects you from cold.
 e - +0 gold dragon scales
 h - the +0 pair of boots "Moshel" {Rampage rCorr Str-5 Dex+3}
   (You bought it in a shop on level 1 of the Vaults)

   Str:       It affects your strength (-5).
   Dex:       It affects your dexterity (+3).
   rCorr:     It protects you from acid and corrosion.
   Rampage:   It bestows one free step when moving towards enemies.
 n - +0 acid dragon scales
 p - a +2 cloak (worn)
 u - a +1 pair of gloves of dexterity (worn)
 x - a +2 pair of boots (worn)
 A - a +4 crystal plate armour (worn)
 I - a +1 cloak of willpower
 J - the +4 cloak of the Moon {Harm +Blink rF+ Stlth+}
   (You bought it in a shop on level 1 of the Depths)

   rF:        It protects you from fire.
   +Blink:    It lets you blink.
   Harm:      It increases damage dealt and taken.
   Stlth:     It makes you more stealthy.
 L - the +10 tower shield of Ignorance (worn) {rN+ Int-4}
   (You found it on level 3 of the Depths)

   Int:       It affects your intelligence (-4).
   rN:        It protects you from negative energy.
 M - a +2 helmet of see invisible
 N - a +4 plate armour of cold resistance
 P - the +0 pair of boots of Death's Door {Drain Fly rC+ Stlth+}
   (You found it on level 1 of the Realm of Zot)

   rC:        It protects you from cold.
   Fly:       It grants you flight.
   Drain:     It drains your maximum health when unequipped.
   Stlth:     It makes you more stealthy.
Jewellery
 g - an amulet of reflection (around neck)
 i - the ring of Sloth (left hand) {rC+ Str+4}
   (You took it off an ironbound convoker on level 5 of the Vaults)

   [ring of protection from cold]

   Str:       It affects your strength (+4).
   rC:        It protects you from cold.
 j - a ring of fire
 k - the ring "Ehaik" {Ice SInv}
   (You found it in a Gauntlet)

   [ring of ice]

   It enhances your ice magic.
   rF:        It makes you vulnerable to fire.
   rC:        It protects you from cold.
   SInv:      It lets you see invisible.
 B - a +5 ring of evasion (right hand)
 F - a ring of see invisible
 H - a ring of protection from cold
 O - the ring "Sinles" {rF+ Str-2 Dex+2 SInv}
   (You took it off an ogre mage on level 5 of the Vaults)

   [ring of protection from fire]

   Str:       It affects your strength (-2).
   Dex:       It affects your dexterity (+2).
   rF:        It protects you from fire.
   SInv:      It lets you see invisible.
 R - the ring of Symmetry {rElec rC- Will+ Str+3 Dex+6}
   (You acquired it on level 4 of the Depths)

   [ring of dexterity]

   Str:       It affects your strength (+3).
   Dex:       It affects your dexterity (+6).
   rC:        It makes you vulnerable to cold.
   rElec:     It insulates you from electricity.
   Will:      It increases your willpower.
 Y - a +6 ring of strength
Wands
 D - a wand of digging (32)
Scrolls
 o - 21 scrolls of identify
 r - 8 scrolls of teleportation
 z - 5 scrolls of enchant weapon
Potions
 a - 21 potions of curing
 c - 3 potions of heal wounds
 d - 11 potions of might
 f - 7 potions of attraction
 l - 13 potions of mutation
 s - 5 potions of resistance
 t - 9 potions of cancellation
 v - 8 potions of lignification
 E - 10 potions of haste

Dungeon Overview and Level Annotations

Branches:
Dungeon (15/15)            Temple (1/1) D:4            Lair (5/5) D:11
 Shoals (4/4) Lair:2       Spider (4/4) Lair:3        Slime (0/5) Lair:5
    Orc (2/2) D:9             Elf (0/3) Orc:2        Vaults (5/5) D:13
  Crypt (0/3) Vaults:2     Depths (4/4) D:15            Zot (4/5) Depths:4
Gauntlet (visited)

Altars:
Ashenzari
Cheibriados
Dithmenos
Elyvilon
Fedhas
Gozag
Hepliaklqana
Kikubaaqudgha
Makhleb
Nemelex Xobeh
Okawaru
Qazlal
Ru
Sif Muna
Trog
Uskayaw
Vehumet
Wu Jian
Xom
Yredelemnul
Zin
The Shining One
Lugonu

Shops:
D:2 ?   D:7 =   Orc:1 !   Orc:2 (((:*   Shoals:1 **   Shoals:3 :**
Shoals:4 [=   Vaults:1 !*([   Vaults:4 =   Zot:3 *   Depths:1 :*([   Depths:3 [

Portals:
Hell: Depths:1 Depths:2 Depths:3 Depths:4
Abyss: Depths:3
Pandemonium: Depths:1 Depths:2 Depths:3
Ziggurat: Depths:3

Annotations:
D:11 1 runed translucent door
Lair:5 4 runed translucent doors, Roamotoc's ghost, journeyman GrCA
Shoals:3 3 runed translucent doors, Keherigeeg's ghost, adept FoCK
Vaults:4 1 runed translucent door, Angmar's ghost, veteran DrAE
Zot:1 4 transporters, Heoriaro's ghost, legendary GnFi
Zot:4 8 runed translucent doors


Message History

Could not explore, unopened runed door.
(D) Dungeon (T) Temple (L) Lair (A) Shoals (N) Spider Nest (M) Slime Pits (O) Orcish Mines (E) Elven Halls (V) Vaults (C) Crypt (U) Depths (H) Hell (Z) Zot
Where to? (* - list waypoints, Enter - Slime:1, ? - help)
What level of the Pits of Slime? (default 1, ? - help) Roamotoc's ghost says, "You must not succeed where I failed!"
The slime creature quivers.
The acid blob quivers.
Zot has nearly found you.
Suffering is imminent.
Descend or flee this branch!
Could not explore, unopened runed door.
(D) Dungeon (T) Temple (L) Lair (A) Shoals (N) Spider Nest (M) Slime Pits (O) Orcish Mines (E) Elven Halls (V) Vaults (C) Crypt (U) Depths (H) Hell (Z) Zot
Where to? (* - list waypoints, Enter - Slime:1, ? - help)
What level of the Pits of Slime? (default 1, ? - help) Roamotoc's ghost says, "I'll split you in two!"
The acid blob quivers.
The slime creature quivers.
Could not explore, unopened runed door.
(D) Dungeon (T) Temple (L) Lair (A) Shoals (N) Spider Nest (M) Slime Pits (O) Orcish Mines (E) Elven Halls (V) Vaults (C) Crypt (U) Depths (H) Hell (Z) Zot
Where to? (* - list waypoints, Enter - Slime:1, ? - help)
What level of the Pits of Slime? (default 1, ? - help)
The acid blob quivers.
Roamotoc's ghost wails, "They lied to you.
The Dungeon just goes down and down forever."
Could not explore, unopened runed door.
(D) Dungeon (T) Temple (L) Lair (A) Shoals (N) Spider Nest (M) Slime Pits (O) Orcish Mines (E) Elven Halls (V) Vaults (C) Crypt (U) Depths (H) Hell (Z) Zot
Where to? (* - list waypoints, Enter - Slime:1, ? - help)
What level of the Pits of Slime? (default 1, ? - help) Roamotoc's ghost wails.
The boulder beetle waves its antennae.
Zot's power touches on you...
Are you sure you want to abandon this character and quit the game? (Confirm with "yes".)

..#####.#.#####..................
....#..###### #####.#............
.P.....####.###.###....###..##..#
..#......##......#....########...
.................#...## #.#####..
.........PP..........## ##.##.#..
....#...............#.####.......
#......................##.....#..
#...............@......P##.......
#................##+##...........
+................#J..#...........
+..............#.#...#...........
+.............#..#.>.#.....P.....
#...P.....#......#####...........
#....................#....P#.....
#...#.#...#.....~~~...~.~~...~~.~
....##.....~##~~#~~~##.~##~.~#~~~


There were no monsters in sight!

Vanquished Creatures
  An orb of fire (Zot:1)
  2 juggernauts (Depths:2)
  Bai Suzhen (Shoals:4)
  9 Killer Klowns
  4 curse toes
  4 caustic shrikes
  13 golden dragons
  Nikola (Shoals:1)
  2 doom hounds (Depths:3)
  13 tentacled monstrosities
  4 liches
  Grunn (Depths:3)
  Mlioglotl (Shoals:1)
  A walking frostbound tome (Depths:2)
  3 titans
  7 quicksilver dragons
  A kraken (Shoals:4)
  Frances (Spider:1)
  2 sphinxes
  4 death cobs
  Kirke (Spider:2)
  10 storm dragons
  12 shadow dragons
  4 tengu reavers
  6 draconian monks
  Donald (Shoals:1)
  A draconian knight (Zot:2)
  7 frost giants
  9 fire giants
  4 ghost moths
  2 draconian shifters
  5 emperor scorpions
  An iron dragon (Vaults:5)
  11 vault wardens
  3 draconian scorchers
  A cacodemon (Depths:3)
  4 draconian stormcallers
  An orc warlord (Vaults:4)
  35 very ugly things
  5 spriggan defenders
  14 ironbound preservers
  A draconian annihilator (Zot:2)
  2 broodmothers (Spider:2)
  9 stone giants
  A war gargoyle (Vaults:5)
  6 green draconians
  5 ironbound thunderhulks
  7 black draconians
  3 vampire knights
  A purple draconian (Depths:4)
  A deep elf demonologist (Vaults:5)
  A minotaur (Gauntlet)
  7 white draconians
  8 red draconians
  2 deep elf annihilators (Vaults:5)
  6 dire elephants
  6 spark wasps
  Azrael (Spider:2)
  2 deep elf death magi (Vaults:5)
  7 yellow draconians
  Snorg (Orc:2)
  13 ettins
  2 deep elf high priests
  12 merfolk impalers
  11 yaktaur captains
  Josephine (D:15)
  10 merfolk javelineers
  3 entropy weavers
  10 great orbs of eyes
  3 fire dragons
  Harold (Lair:1)
  29 vault guards
  3 rakshasas
  2 spriggan air magi
  6 hydras
  8 ice dragons
  A jorogumo (Spider:4)
  4 catoblepae
  An alligator snapping turtle (Shoals:4)
  3 merfolk avatars
  2 ogre magi (Vaults:5)
  A radroach (Spider:2)
  4 boulder beetles
  21 centaur warriors
  10 ironbound frosthearts
  7 merfolk aquamancers
  3 satyrs
  3 tengu warriors
  7 two-headed ogres
  7 death scarabs (Spider:4)
  A deep troll shaman (Depths:4)
  11 death yaks
  A satyr (shapeshifter) (Depths:4)
  9 deep troll earth magi
  5 spriggan berserkers
  13 hell knights
  5 orc high priests (Orc:2)
  8 iron trolls
  2 sun demons
  7 skysharks
  A sun moth (Spider:4)
  9 pharaoh ants
  A skeletal warrior (D:15)
  5 glowing orange brains
  An orb spider (shapeshifter) (Vaults:5)
  6 orb spiders
  14 sea snakes
  11 wizards
  3 flayed ghosts
  66 deep trolls
  3 broodmother zombies (Spider:4)
  10 steelbarb worms
  A lindwurm (shapeshifter) (Vaults:5)
  3 phantasmal warriors (Vaults:5)
  3 lindwurms
  Pikel (D:7)
  8 necromancers
  2 deep elf pyromancers
  7 ironbound convokers
  A spectral wolf spider (Spider:4)
  16 harpies
  35 ugly things
  23 wolf spiders
  A fire giant zombie (D:15)
  A manticore (shapeshifter) (Vaults:5)
  An oklob plant (Lair:5)
  A frost giant zombie (Depths:1)
  3 orc sorcerers
  11 fauns
  A shining eye (Gauntlet)
  13 orc knights
  2 cyclopes
  A stone giant zombie (Depths:1)
  13 manticores
  16 elephants
  2 rust devils (Depths:1)
  25 moths of wrath
  6 black mambas
  An iron dragon skeleton (D:15)
  An ice statue (Shoals:3)
  15 vault sentinels
  2 water nymphs
  11 merfolk sirens
  Joseph (D:7)
  A cane toad (shapeshifter) (Shoals:2)
  5 gargoyles
  3 torpor snails
  9 cane toads
  Maggie (D:6)
  An unseen horror (D:13)
  6 demonic crawlers
  An unseen horror (shapeshifter) (Vaults:5)
  A yaktaur zombie (Vaults:4)
  A freezing wraith (Vaults:5)
  A hellion (Depths:1)
  5 komodo dragons
  33 yaktaurs
  7 rime drakes
  3 spectral redbacks (Spider:4)
  7 guardian mummies
  4 trolls
  21 merfolk
  3 meliai (Spider:4)
  7 wind drakes
  2 polar bears
  4 hornets
  20 tarantellas
  2 spriggan zombies (D:15)
  2 spectral jumping spiders (Spider:4)
  5 spectral tarantellas (Spider:4)
  2 spectral culicivoras (Spider:4)
  A tarantella zombie (Spider:4)
  8 snapping turtles
  6 dream sheep
  21 blink frogs
  30 jumping spiders
  An ettin skeleton (Vaults:4)
  A vampire (D:10)
  6 flying skulls (Gauntlet)
  2 spriggans (Depths:1)
  27 yaks
  18 water elementals
  3 wyverns
  6 basilisks
  13 culicivoras
  2 fire bats (D:11)
  10 wraiths
  27 slime creatures
  A human (shapeshifter) (D:15)
  A redback (shapeshifter) (Depths:2)
  3 steam dragons
  10 humans (D:13)
  A chaos spawn (Depths:1)
  3 fire elementals (Spider:2)
  A golden eye (Gauntlet)
  6 hogs (Spider:2)
  6 vampire mosquitoes
  52 redbacks
  2 wargs
  A glowing shapeshifter zombie (Depths:1)
  4 acid dragons
  3 hell hounds (Spider:2)
  Duvessa (D:6)
  18 water moccasins
  A floating eye (shapeshifter) (Vaults:5)
  2 floating eyes
  An entropy weaver zombie (Vaults:4)
  5 black bears
  44 orc warriors
  2 ice beasts
  A sky beast (D:7)
  5 ogres
  11 centaurs
  10 wolves
  4 boggarts (D:15)
  4 lemures (D:7)
  12 bullfrogs
  4 gnoll sergeants
  2 scorpions
  A tengu simulacrum (Depths:1)
  5 wights (D:7)
  Dowan (D:6)
  5 killer bees (D:9)
  4 howler monkeys
  5 electric eels
  5 hounds (D:5)
  40 orc priests
  2 sleepcaps
  5 iguanas
  20 orc wizards
  14 gnolls
  7 adders
  A shadow imp (D:7)
  2 white imps (D:7)
  An ufetubus (D:6)
  A dart slug (D:1)
  97 orcs
  4 ball pythons
  11 bats
  7 endoplasms
  7 giant cockroaches
  8 goblins
  6 hobgoblins
  3 jackals (D:2)
  5 quokkas
  2 frilled lizards
  5 kobolds
  3 rats
  A butterfly (Zot:4)
  A spectral weapon (Depths:3)
  3 tentacles (Shoals:4)
1739 creatures vanquished.

Vanquished Creatures (others)
  A lich (Depths:2)
  A fire giant (Vaults:5)
  A frost giant (Depths:2)
  A vault guard (D:13)
  A merfolk aquamancer (Shoals:4)
  A hell knight (Depths:4)
  A wizard (D:15)
  A faun (Shoals:1)
  Maurice (D:8)
  A moth of wrath (Zot:2)
  2 merfolk sirens (Shoals:1)
  A merfolk (Shoals:1)
  An orc wizard (Orc:2)
  3 tentacles (Shoals:4)
17 creatures vanquished.

Grand Total: 1756 creatures vanquished

Notes
Turn   | Place    | Note
-------+----------+-------------------------------------------
     0 | D:1      | qw the Gargoyle Fighter began the quest for the Orb.
     0 | D:1      | Reached XP level 1. HP: 14/14 MP: 1/1
     0 | D:1      | 0 ||| qw: Version: 0.2-a-101-gf424e7f
     0 | D:1      | 0 ||| qw: Game counter: 293
     0 | D:1      | 0 ||| qw: Always use a shield: true
     0 | D:1      | 0 ||| qw: God list: Okawaru
     0 | D:1      | 0 ||| qw: Allow faded altars: false
     0 | D:1      | 0 ||| qw: Do Orc after D:15 true
     0 | D:1      | 0 ||| qw: Do second Lair branch before Depths: true
     0 | D:1      | 0 ||| qw: Lair rune preference: random
     0 | D:1      | 0 ||| qw: Plans: Normal, Zot:1-4, Slime:5, God:TSO, Crypt,
                  | Tomb, Pan, Hells, Abyss, Win
     0 | D:1      | 0 ||| PLANNING D:1-11
    98 | D:1      | 98 ||| Stepping ~*~*~tactically~*~*~ (hiding).
    99 | D:1      | 99 ||| Stepping ~*~*~tactically~*~*~ (hiding).
   161 | D:1      | Found a faded altar of an unknown god.
   277 | D:1      | Reached XP level 2. HP: 19/19 MP: 2/2
   413 | D:1      | 413 ||| Stepping ~*~*~tactically~*~*~ (stealth).
   456 | D:1      | 456 ||| Stepping ~*~*~tactically~*~*~ (stealth).
   458 | D:1      | 458 ||| Stepping ~*~*~tactically~*~*~ (hiding).
   461 | D:1      | 461 ||| Stepping ~*~*~tactically~*~*~ (hiding).
   954 | D:1      | Reached skill level 3 in Axes
  1034 | D:1      | Reached XP level 3. HP: 23/23 MP: 3/3
  1120 | D:1      | 1120 ||| UPGRADING to amulet of regeneration.
  1125 | D:1      | 1125 ||| DROPPING ring of magical power.
  1126 | D:1      | 1126 ||| READING scroll labelled XOCKONG HIRIUHIRR.
  1504 | D:2      | 1504 ||| Stepping ~*~*~tactically~*~*~ (hiding).
  1668 | D:2      | Found Naer's Magic Scroll Shoppe.
  1672 | D:2      | 1672 ||| BUYING scroll of identify (26 gold).
  1672 | D:2      | Bought a scroll of identify for 26 gold pieces
  1672 | D:2      | 1672 ||| SHOPLISTING scroll of identify (26 gold, have 13).
  1672 | D:2      | 1672 ||| SHOPLISTING scroll of teleportation (39 gold, have
                  | 13).
  1675 | D:2      | 1675 ||| Stepping ~*~*~tactically~*~*~ (hiding).
  1938 | D:2      | 1938 ||| UPGRADING to +1 ring mail of willpower.
  1948 | D:2      | 1948 ||| READING scroll labelled YSOL CU OCZICH.
  1949 | D:2      | 1949 ||| READING scroll labelled ZEFINULEME.
  2007 | D:3      | Reached XP level 4. HP: 28/28 MP: 4/4
  2049 | D:3      | 2049 ||| Stepping ~*~*~tactically~*~*~ (hiding).
  2060 | D:3      | 2060 ||| FLEEEEING.
  2061 | D:3      | 2061 ||| FLEEEEING.
  2062 | D:3      | 2062 ||| FLEEEEING.
  2063 | D:3      | 2063 ||| FLEEEEING.
  2064 | D:3      | 2064 ||| FLEEEEING.
  2065 | D:3      | 2065 ||| FLEEEEING.
  2066 | D:3      | 2066 ||| FLEEEEING.
  2067 | D:3      | 2067 ||| FLEEEEING.
  2068 | D:3      | 2068 ||| FLEEEEING.
  2378 | D:3      | 2378 ||| Stepping ~*~*~tactically~*~*~ (stealth).
  2379 | D:3      | 2379 ||| Stepping ~*~*~tactically~*~*~ (stealth).
  2391 | D:3      | Reached XP level 5. HP: 32/32 MP: 5/5
  3010 | D:3      | 3010 ||| DRINKING 2 viscous red potions.
  3011 | D:3      | 3011 ||| READING 3 scrolls of identify.
  3011 | D:3      | 3011 ||| IDENTIFYING fuming amethyst potion
  3012 | D:3      | 3012 ||| READING 2 scrolls of identify.
  3012 | D:3      | 3012 ||| IDENTIFYING cyan potion
  3013 | D:3      | 3013 ||| DROPPING potion of magic.
  3014 | D:3      | 3014 ||| DROPPING potion of brilliance.
  3015 | D:3      | 3015 ||| DROPPING potion of flight.
  3168 | D:4      | 3168 ||| READING scroll of enchant weapon.
  3168 | D:4      | 3168 ||| ENCHANTING +1 war axe.
  3708 | D:4      | Found a staircase to the Ecumenical Temple.
  3709 | D:4      | 3709 ||| PLANNING TEMPLE
  3709 | D:4      | 3709 ||| DROPPING +0 scale mail.
  3710 | D:4      | 3710 ||| UPGRADING to +0 chain mail.
  3720 | D:4      | 3720 ||| DROPPING +1 ring mail of willpower.
  3721 | D:4      | 3721 ||| DROPPING amulet of faith.
  3722 | D:4      | 3722 ||| READING scroll labelled GYIKYR BITANYA.
  3723 | D:4      | 3723 ||| READING 2 scrolls labelled HAINTAROBOBB.
  3724 | D:4      | 3724 ||| DROPPING scroll of noise.
  3737 | Temple   | Entered the Ecumenical Temple
  3738 | Temple   | 3738 ||| PLANNING OKAWARU WORSHIP
  3881 | Temple   | Became a worshipper of Warmaster Okawaru
  3881 | Temple   | 3881 ||| PLANNING D:1-11
  3968 | D:5      | Entered Level 5 of the Dungeon
  3986 | D:5      | Reached XP level 6. HP: 38/38 MP: 6/6
  4074 | D:5      | 4074 ||| DROPPING +0 whip.
  4140 | D:5      | 4140 ||| Stepping ~*~*~tactically~*~*~ (stealth).
  4141 | D:5      | 4141 ||| Stepping ~*~*~tactically~*~*~ (stealth).
  4155 | D:5      | Noticed an ice beast
  4161 | D:5      | Noticed a black bear
  4167 | D:5      | Killed an ice beast
  4168 | D:5      | Reached skill level 6 in Axes
  4169 | D:5      | Reached * piety under Okawaru
  4170 | D:5      | Reached skill level 1 in Dodging
  4170 | D:5      | 4170 ||| INVOKING Heroism.
  4172 | D:5      | Killed a black bear
  4173 | D:5      | Reached XP level 7. HP: 41/43 MP: 4/7
  4252 | D:5      | Reached skill level 1 in Invocations
  4272 | D:5      | 4272 ||| INVOKING Heroism.
  4284 | D:5      | 4284 ||| INVOKING Heroism.
  4333 | D:5      | 4333 ||| INVOKING Heroism.
  4343 | D:5      | HP: 6/43 [ogre/+0 giant club (21)]
  4344 | D:5      | 4344 ||| READING 2 scrolls of teleportation.
  4615 | D:5      | 4615 ||| Stepping ~*~*~tactically~*~*~ (stealth).
  4616 | D:5      | 4616 ||| Stepping ~*~*~tactically~*~*~ (stealth).
  4626 | D:5      | Reached XP level 8. HP: 50/50 MP: 9/9
  4721 | D:5      | 4721 ||| UPGRADING to +1 pair of gloves.
  4726 | D:5      | 4726 ||| READING scroll labelled KOORUU ZORHAAD.
  4727 | D:5      | 4727 ||| READING scroll labelled WOSHRI XAOFFO.
  4728 | D:5      | 4728 ||| READING scroll labelled UMOULA LOJAA.
  4729 | D:5      | 4729 ||| DRINKING 3 amethyst potions.
  4730 | D:5      | 4730 ||| DRINKING 2 viscous coppery potions.
  4731 | D:5      | 4731 ||| READING 3 scrolls of identify.
  4731 | D:5      | 4731 ||| IDENTIFYING ruby potion
  4732 | D:5      | 4732 ||| READING 2 scrolls of identify.
  4732 | D:5      | 4732 ||| IDENTIFYING smoky sapphire potion
  4733 | D:5      | 4733 ||| DROPPING potion of invisibility.
  4734 | D:5      | 4734 ||| DROPPING potion of degeneration.
  4880 | D:6      | Noticed Maggie
  4898 | D:6      | Killed Maggie
  4899 | D:6      | Reached skill level 3 in Invocations
  4901 | D:6      | 4901 ||| INVOKING Heroism.
  4920 | D:6      | Noticed Duvessa
  4921 | D:6      | 4921 ||| INVOKING Heroism.
  4931 | D:6      | Killed Duvessa
  4937 | D:6      | Noticed Dowan
  4948 | D:6      | 4948 ||| INVOKING Heroism.
  4972 | D:6      | Killed Dowan
  4972 | D:6      | Reached ** piety under Okawaru
  5152 | D:6      | 5152 ||| UPGRADING to +1 pair of boots.
  5157 | D:6      | 5157 ||| UPGRADING to +0 helmet.
  5162 | D:6      | 5162 ||| READING 2 scrolls of identify.
  5162 | D:6      | 5162 ||| IDENTIFYING dark potion
  5194 | D:7      | 5194 ||| INVOKING Heroism.
  5230 | D:7      | Reached XP level 9. HP: 45/54 MP: 12/12
  5256 | D:7      | 5256 ||| INVOKING Heroism.
  5258 | D:7      | 5258 ||| Stepping ~*~*~tactically~*~*~ (hiding).
  5277 | D:7      | Reached skill level 6 in Fighting
  5303 | D:7      | 5303 ||| Stepping ~*~*~tactically~*~*~ (hiding).
  5339 | D:7      | Noticed a boulder beetle
  5340 | D:7      | 5340 ||| INVOKING Heroism.
  5343 | D:7      | Reached skill level 9 in Axes
  5360 | D:7      | Noticed a boulder beetle
  5363 | D:7      | 5363 ||| INVOKING Heroism.
  5388 | D:7      | Noticed a troll
  5389 | D:7      | Killed a boulder beetle
  5389 | D:7      | Reached *** piety under Okawaru
  5390 | D:7      | Reached skill level 6 in Armour
  5391 | D:7      | HP: 8/56 [boulder beetle (15)]
  5392 | D:7      | 5392 ||| READING scroll of teleportation.
  5393 | D:7      | 5393 ||| DRINKING 2 potions of heal wounds.
  5394 | D:7      | 5394 ||| INVOKING Heroism.
  5445 | D:7      | 5445 ||| Stepping ~*~*~tactically~*~*~ (stealth).
  5448 | D:7      | 5448 ||| INVOKING Heroism.
  5449 | D:7      | 5449 ||| Stepping ~*~*~tactically~*~*~ (stealth).
  5461 | D:7      | 5461 ||| INVOKING Heroism.
  5463 | D:7      | Killed a troll
  5464 | D:7      | Reached XP level 10. HP: 51/63 MP: 9/13
  5494 | D:7      | 5494 ||| INVOKING Heroism.
  5515 | D:7      | 5515 ||| INVOKING Heroism.
  5521 | D:7      | Killed a boulder beetle
  5606 | D:7      | 5606 ||| Stepping ~*~*~tactically~*~*~ (hiding).
  5643 | D:7      | Noticed Joseph
  5647 | D:7      | 5647 ||| INVOKING Heroism.
  5660 | D:7      | Killed Joseph
  5707 | D:7      | Found a stormy altar of Qazlal.
  5710 | D:7      | Found an opulent altar of Gozag.
  5713 | D:7      | Found a sacrificial altar of Ru.
  5713 | D:7      | Found a sparkling altar of Nemelex Xobeh.
  5714 | D:7      | 5714 ||| Stepping ~*~*~tactically~*~*~ (stealth).
  5720 | D:7      | Noticed Pikel
  5733 | D:7      | 5733 ||| INVOKING Heroism.
  5739 | D:7      | Killed Pikel
  5763 | D:7      | Found a radiant altar of Vehumet.
  5865 | D:7      | Found Synucud's Jewellery Boutique.
  5875 | D:7      | 5875 ||| SHOPLISTING +6 ring of strength (396 gold, have
                  | 202).
  5875 | D:7      | 5875 ||| SHOPLISTING amulet of reflection (330 gold, have
                  | 202).
  5875 | D:7      | 5875 ||| SHOPLISTING ring of fire (275 gold, have 202).
  5875 | D:7      | 5875 ||| SHOPLISTING ring of positive energy (220 gold,
                  | have 202).
  5875 | D:7      | 5875 ||| BUYING ring of see invisible (165 gold).
  5875 | D:7      | Bought a ring of see invisible for 165 gold pieces
  5946 | D:7      | 5946 ||| INVOKING Heroism.
  6307 | D:7      | 6307 ||| UPGRADING to +0 cloak of willpower.
  6312 | D:7      | 6312 ||| DROPPING ring of flight.
  6313 | D:7      | 6313 ||| UPGRADING to ring of see invisible.
  6355 | D:8      | Noticed Maurice
  6362 | D:8      | 6362 ||| INVOKING Heroism.
  6378 | D:8      | Killed Maurice
  6381 | D:8      | HP: 14/65 [steam dragon] (4)]
  6382 | D:8      | 6382 ||| DRINKING potion of heal wounds.
  6383 | D:8      | 6383 ||| INVOKING Heroism.
  6427 | D:8      | 6427 ||| DROPPING +0 club.
  6675 | D:8      | Found a flagged portal.
  7234 | D:9      | 7234 ||| INVOKING Heroism.
  7251 | D:9      | Found a glowing golden altar of the Shining One.
  7350 | D:9      | 7350 ||| Stepping ~*~*~tactically~*~*~ (hiding).
  7357 | D:9      | 7357 ||| INVOKING Heroism.
  7368 | D:9      | Reached XP level 11. HP: 65/69 MP: 12/14
  7560 | D:9      | 7560 ||| INVOKING Heroism.
  7561 | D:9      | Found a staircase to the Orcish Mines.
  7587 | D:9      | 7587 ||| INVOKING Heroism.
  7592 | D:9      | Reached skill level 9 in Fighting
  7594 | D:9      | HP: 17/71 [gnoll sergeant/+0 spear (2)]
  7595 | D:9      | 7595 ||| DRINKING 2 potions of heal wounds.
  7605 | D:9      | HP: 16/71 [gnoll/+0 spear[a gnoll sergeant] (5)]
  7606 | D:9      | 7606 ||| DRINKING potion of heal wounds.
  7610 | D:9      | 7610 ||| INVOKING Heroism.
  7839 | D:9      | 7839 ||| DROPPING +2 robe of resistance.
  7840 | D:9      | 7840 ||| UPGRADING to +0 plate armour.
  7850 | D:9      | 7850 ||| DROPPING +0 chain mail.
  7851 | D:9      | 7851 ||| READING scroll labelled SEHOQO GUNU.
  7852 | D:9      | 7852 ||| READING scroll labelled XAJUENK FAGE.
  7852 | D:9      | Identified a scroll of acquirement
  7852 | D:9      | 7852 ||| ACQUIRING +2 heavy broad axe
  7852 | D:9      | Acquired a +2 heavy broad axe
  7854 | D:9      | 7854 ||| SWAPPING to +2 heavy broad axe.
  7855 | D:9      | 7855 ||| DROPPING +2 war axe.
  7856 | D:9      | 7856 ||| READING scroll labelled HUMEEN FIOCOYS.
  7891 | D:10     | Entered Level 10 of the Dungeon
  7897 | D:10     | 7897 ||| Stepping ~*~*~tactically~*~*~ (hiding).
  8082 | D:10     | 8082 ||| Stepping ~*~*~tactically~*~*~ (hiding).
  8086 | D:10     | 8086 ||| INVOKING Heroism.
  8246 | D:10     | 8246 ||| INVOKING Heroism.
  8312 | D:10     | 8312 ||| Stepping ~*~*~tactically~*~*~ (hiding).
  8373 | D:10     | Reached **** piety under Okawaru
  8378 | D:10     | 8378 ||| INVOKING Heroism.
  8545 | D:10     | Found a bloodstained altar of Trog.
  8637 | D:10     | 8637 ||| READING 2 scrolls labelled QITIREHUEH.
  8638 | D:10     | 8638 ||| DROPPING scroll of poison.
  8720 | D:11     | 8720 ||| INVOKING Heroism.
  8720 | D:11     | HP: 14/71 [acid dragon/splash of acid (22)]
  8881 | D:11     | Reached skill level 9 in Armour
  8884 | D:11     | 8884 ||| INVOKING Heroism.
  8891 | D:11     | Found a staircase to the Lair.
  9107 | D:11     | Found a runed translucent door.
  9233 | D:11     | Found a stormy altar of Qazlal.
  9245 | D:11     | Found a bloodstained altar of Trog.
  9262 | D:11     | Found a shadowy altar of Dithmenos.
  9284 | D:11     | Reached skill level 6 in Invocations
  9292 | D:11     | Found an iron altar of Okawaru.
  9305 | D:11     | Found a white marble altar of Elyvilon.
  9385 | D:11     | Found a hide-covered altar of Uskayaw.
  9432 | D:11     | Reached skill level 12 in Axes
  9467 | D:11     | 9467 ||| INVOKING Heroism.
  9704 | D:11     | Noticed a flayed ghost
  9708 | D:11     | 9708 ||| PLANNING LAIR
  9708 | D:11     | 9708 ||| UPGRADING to +2 kite shield.
  9718 | D:11     | 9718 ||| DROPPING +0 buckler.
  9746 | Lair:1   | Entered Level 1 of the Lair of Beasts
  9749 | Lair:1   | 9749 ||| INVOKING Heroism.
  9752 | Lair:1   | Reached skill level 6 in Shields
  9752 | Lair:1   | Reached XP level 12. HP: 76/76 MP: 13/17
  9845 | Lair:1   | 9845 ||| Stepping ~*~*~tactically~*~*~ (stealth).
  9848 | Lair:1   | 9848 ||| Stepping ~*~*~tactically~*~*~ (stealth).
  9853 | Lair:1   | 9853 ||| Stepping ~*~*~tactically~*~*~ (stealth).
  9861 | Lair:1   | Reached ***** piety under Okawaru
  9872 | Lair:1   | 9872 ||| INVOKING Heroism.
  9883 | Lair:1   | Received a gift from Okawaru
  9953 | Lair:1   | 9953 ||| Stepping ~*~*~tactically~*~*~ (stealth).
  9955 | Lair:1   | 9955 ||| Stepping ~*~*~tactically~*~*~ (stealth).
  9956 | Lair:1   | 9956 ||| INVOKING Heroism.
 10129 | Lair:1   | Reached skill level 9 in Invocations
 10311 | Lair:1   | You fall into a shaft and drop 1 floor!
 10336 | Lair:2   | 10336 ||| UPGRADING to ring of positive energy.
 10337 | Lair:2   | 10337 ||| UPGRADING to ring of willpower.
 10339 | Lair:2   | 10339 ||| READING 8 scrolls of identify.
 10339 | Lair:2   | 10339 ||| IDENTIFYING glowing inky potion
 10340 | Lair:2   | 10340 ||| READING 7 scrolls of identify.
 10340 | Lair:2   | 10340 ||| IDENTIFYING viscous golden potion
 10355 | Lair:1   | Noticed Harold
 10356 | Lair:1   | 10356 ||| INVOKING Heroism.
 10369 | Lair:1   | Killed Harold
 10369 | Lair:1   | Identified the +1 scale mail "Jeshin" {Regen+ MP+9 Str+2}
                  | (Okawaru gifted it to you on level 1 of the Lair of Beasts)
 10369 | Lair:1   | Received a gift from Okawaru
 10395 | Lair:1   | 10395 ||| READING scroll of enchant weapon.
 10395 | Lair:1   | 10395 ||| ENCHANTING +2 heavy broad axe.
 10657 | Lair:2   | Reached skill level 9 in Shields
 10718 | Lair:2   | 10718 ||| Stepping ~*~*~tactically~*~*~ (hiding).
 10726 | Lair:2   | 10726 ||| Stepping ~*~*~tactically~*~*~ (hiding).
 10728 | Lair:2   | Found a staircase to the Shoals.
 10783 | Lair:2   | 10783 ||| DROPPING +6 ring of intelligence.
 10889 | Lair:2   | 10889 ||| INVOKING Heroism.
 10895 | Lair:2   | 10895 ||| Stepping ~*~*~tactically~*~*~ (stealth).
 10953 | Lair:2   | Reached XP level 13. HP: 80/80 MP: 20/20
 11062 | Lair:2   | 11062 ||| READING scroll labelled JIMUSOISOG.
 11064 | Lair:2   | 11064 ||| INVOKING Heroism.
 11065 | Lair:2   | 11065 ||| INVOKING Finesse.
 11124 | Lair:2   | 11124 ||| INVOKING Heroism.
 11125 | Lair:2   | 11125 ||| INVOKING Finesse.
 11127 | Lair:2   | 11127 ||| SWAPPING to +0 morningstar.
 11135 | Lair:2   | 11135 ||| SWAPPING to +3 heavy broad axe.
 11143 | Lair:2   | 11143 ||| Stepping ~*~*~tactically~*~*~ (stealth).
 11144 | Lair:2   | 11144 ||| Stepping ~*~*~tactically~*~*~ (stealth).
 11146 | Lair:2   | 11146 ||| Stepping ~*~*~tactically~*~*~ (stealth).
 11199 | Lair:2   | 11199 ||| INVOKING Heroism.
 11238 | Lair:2   | 11238 ||| Stepping ~*~*~tactically~*~*~ (hiding).
 11239 | Lair:2   | 11239 ||| Stepping ~*~*~tactically~*~*~ (hiding).
 11242 | Lair:2   | 11242 ||| INVOKING Heroism.
 11684 | Lair:3   | Found an ancient bone altar of Kikubaaqudgha.
 11782 | Lair:3   | 11782 ||| Stepping ~*~*~tactically~*~*~ (stealth).
 11789 | Lair:3   | 11789 ||| INVOKING Heroism.
 11860 | Lair:3   | 11860 ||| INVOKING Heroism.
 11955 | Lair:3   | 11955 ||| Stepping ~*~*~tactically~*~*~ (hiding).
 11956 | Lair:3   | 11956 ||| Stepping ~*~*~tactically~*~*~ (hiding).
 11957 | Lair:3   | 11957 ||| Stepping ~*~*~tactically~*~*~ (hiding).
 12096 | Lair:3   | 12096 ||| INVOKING Heroism.
 12204 | Lair:3   | 12204 ||| INVOKING Heroism.
 12212 | Lair:3   | 12212 ||| READING 7 scrolls of identify.
 12212 | Lair:3   | 12212 ||| IDENTIFYING glowing orange potion
 12270 | Lair:3   | 12270 ||| Stepping ~*~*~tactically~*~*~ (stealth).
 12311 | Lair:3   | Found a hole to the Spider Nest.
 12312 | Lair:3   | 12312 ||| INVOKING Heroism.
 12466 | Lair:3   | 12466 ||| INVOKING Heroism.
 12468 | Lair:3   | 12468 ||| Stepping ~*~*~tactically~*~*~ (stealth).
 12469 | Lair:3   | 12469 ||| Stepping ~*~*~tactically~*~*~ (stealth).
 12712 | Lair:3   | 12712 ||| READING 6 scrolls of identify.
 12712 | Lair:3   | 12712 ||| IDENTIFYING lumpy blue potion
 12713 | Lair:3   | 12713 ||| DROPPING potion of berserk rage.
 12736 | Lair:4   | 12736 ||| STAIRDANCE
 12745 | Lair:4   | 12745 ||| INVOKING Heroism.
 12803 | Lair:4   | 12803 ||| Stepping ~*~*~tactically~*~*~ (stealth).
 12812 | Lair:4   | 12812 ||| Stepping ~*~*~tactically~*~*~ (stealth).
 12815 | Lair:4   | 12815 ||| INVOKING Heroism.
 12816 | Lair:4   | 12816 ||| INVOKING Finesse.
 12830 | Lair:4   | Gained mutation: Your large and strong wings let you fly.
                  | [Gargoyle growth]
 12830 | Lair:4   | Reached XP level 14. HP: 79/88 MP: 14/21
 12830 | Lair:4   | Received a gift from Okawaru
 13050 | Lair:4   | 13050 ||| Stepping ~*~*~tactically~*~*~ (stealth).
 13208 | Lair:4   | 13208 ||| READING scroll of enchant armour.
 13208 | Lair:4   | 13208 ||| ENCHANTING +1 pair of gloves.
 13218 | Lair:4   | Received a gift from Okawaru
 13347 | Lair:4   | 13347 ||| INVOKING Heroism.
 13348 | Lair:4   | 13348 ||| INVOKING Finesse.
 13352 | Lair:4   | 13352 ||| SWAPPING to +0 morningstar.
 13363 | Lair:4   | 13363 ||| SWAPPING to +3 heavy broad axe.
 13514 | Lair:4   | 13514 ||| READING 7 scrolls of identify.
 13514 | Lair:4   | 13514 ||| IDENTIFYING white potion
 13515 | Lair:4   | 13515 ||| DROPPING potion of ambrosia.
 13549 | Lair:5   | Entered Level 5 of the Lair of Beasts
 13584 | Lair:5   | Found a runed translucent gate.
 13584 | Lair:5   | Found a runed translucent gate.
 13586 | Lair:5   | Found the +7 Spriggan's Knife {stab, EV+4 Stlth+}
 13593 | Lair:5   | Found a runed translucent gate.
 13593 | Lair:5   | Noticed Roamotoc's ghost (journeyman GrCA)
 13619 | Lair:5   | 13619 ||| INVOKING Heroism.
 13676 | Lair:5   | 13676 ||| INVOKING Heroism.
 13680 | Lair:5   | 13680 ||| SWAPPING to +0 morningstar.
 13692 | Lair:5   | 13692 ||| SWAPPING to +3 heavy broad axe.
 13698 | Lair:5   | 13698 ||| Stepping ~*~*~tactically~*~*~ (cloud).
 13707 | Lair:5   | 13707 ||| SWAPPING to +0 morningstar.
 13717 | Lair:5   | 13717 ||| SWAPPING to +3 heavy broad axe.
 13730 | Lair:5   | Reached skill level 12 in Shields
 13808 | Lair:5   | 13808 ||| Stepping ~*~*~tactically~*~*~ (stealth).
 13813 | Lair:5   | 13813 ||| INVOKING Heroism.
 13814 | Lair:5   | 13814 ||| INVOKING Finesse.
 13851 | Lair:5   | 13851 ||| Stepping ~*~*~tactically~*~*~ (hiding).
 13852 | Lair:5   | 13852 ||| Stepping ~*~*~tactically~*~*~ (hiding).
 13853 | Lair:5   | 13853 ||| INVOKING Finesse.
 13891 | Lair:5   | 13891 ||| Stepping ~*~*~tactically~*~*~ (stealth).
 13955 | Lair:5   | 13955 ||| Stepping ~*~*~tactically~*~*~ (hiding).
 13956 | Lair:5   | 13956 ||| Stepping ~*~*~tactically~*~*~ (hiding).
 14004 | Lair:5   | 14004 ||| INVOKING Heroism.
 14005 | Lair:5   | 14005 ||| INVOKING Finesse.
 14049 | Lair:5   | Identified the +0 war axe "Gyexurgh" {flame, rN+ rCorr
                  | Int+3 SInv}
 14051 | Lair:5   | 14051 ||| DROPPING +0 morningstar.
 14193 | Lair:5   | 14193 ||| INVOKING Heroism.
 14199 | Lair:5   | 14199 ||| SWAPPING to +0 war axe "Gyexurgh" {flame, rN+
                  | rCorr Int+3 SInv}.
 14200 | Lair:5   | 14200 ||| REMOVING ring of see invisible.
 14208 | Lair:5   | 14208 ||| SWAPPING to +3 heavy broad axe.
 14367 | Lair:5   | Found a runed translucent door.
 14368 | Lair:5   | Found a staircase to the Slime Pits.
 14368 | Lair:5   | Noticed an acid blob
 14383 | Lair:5   | 14383 ||| Stepping ~*~*~tactically~*~*~ (stealth).
 14384 | Lair:5   | 14384 ||| INVOKING Heroism.
 14394 | Lair:5   | Reached skill level 15 in Axes
 14449 | Lair:5   | 14449 ||| Stepping ~*~*~tactically~*~*~ (stealth).
 14450 | Lair:5   | 14450 ||| Stepping ~*~*~tactically~*~*~ (stealth).
 14469 | Lair:5   | 14469 ||| PLANNING D
 14469 | Lair:5   | 14469 ||| UPGRADING to ring of willpower.
 14470 | Lair:5   | 14470 ||| UPGRADING to ring of see invisible.
 14630 | D:12     | 14630 ||| Stepping ~*~*~tactically~*~*~ (stealth).
 14646 | D:12     | 14646 ||| Stepping ~*~*~tactically~*~*~ (stealth).
 14668 | D:12     | 14668 ||| Stepping ~*~*~tactically~*~*~ (hiding).
 14674 | D:12     | 14674 ||| INVOKING Heroism.
 14795 | D:12     | 14795 ||| READING scroll of enchant weapon.
 14795 | D:12     | 14795 ||| ENCHANTING +3 heavy broad axe.
 14842 | D:12     | 14842 ||| Stepping ~*~*~tactically~*~*~ (hiding).
 14843 | D:12     | 14843 ||| Stepping ~*~*~tactically~*~*~ (hiding).
 14844 | D:12     | 14844 ||| Stepping ~*~*~tactically~*~*~ (hiding).
 15310 | D:12     | 15310 ||| FLEEEEING.
 15311 | D:12     | 15311 ||| FLEEEEING.
 15312 | D:12     | 15312 ||| FLEEEEING.
 15313 | D:12     | 15313 ||| FLEEEEING.
 15314 | D:12     | 15314 ||| FLEEEEING.
 15315 | D:12     | 15315 ||| FLEEEEING.
 15316 | D:12     | 15316 ||| FLEEEEING.
 15317 | D:12     | 15317 ||| FLEEEEING.
 15320 | D:12     | 15320 ||| FLEEEEING.
 15323 | D:12     | 15323 ||| FLEEEEING.
 15324 | D:12     | 15324 ||| FLEEEEING.
 15325 | D:12     | 15325 ||| FLEEEEING.
 15326 | D:12     | 15326 ||| FLEEEEING.
 15327 | D:12     | 15327 ||| FLEEEEING.
 15328 | D:12     | 15328 ||| FLEEEEING.
 15329 | D:12     | 15329 ||| FLEEEEING.
 15330 | D:12     | 15330 ||| FLEEEEING.
 15331 | D:12     | 15331 ||| FLEEEEING.
 15334 | D:12     | 15334 ||| FLEEEEING.
 15335 | D:12     | 15335 ||| FLEEEEING.
 15336 | D:12     | 15336 ||| FLEEEEING.
 15337 | D:12     | 15337 ||| Stepping ~*~*~tactically~*~*~ (hiding).
 15658 | D:12     | 15658 ||| UPGRADING to +6 ring of strength.
 15660 | D:12     | 15660 ||| DROPPING ring of willpower.
 15676 | D:13     | 15676 ||| PLANNING GAUNTLET
 15749 | D:13     | 15749 ||| INVOKING Heroism.
 15754 | D:13     | 15754 ||| SWAPPING to +0 war axe "Gyexurgh" {flame, rN+
                  | rCorr Int+3 SInv}.
 15755 | D:13     | 15755 ||| REMOVING ring of see invisible.
 15758 | D:13     | 15758 ||| SWAPPING to +4 heavy broad axe.
 15779 | D:13     | Found a gate leading to a gauntlet.
 15780 | D:13     | 15780 ||| UPGRADING to ring of see invisible.
 15788 | Gauntlet | Entered a Gauntlet
 15788 | Gauntlet | Found a transporter.
 15796 | Gauntlet | Found a transporter.
 15799 | Gauntlet | Found a transporter.
 15810 | Gauntlet | Found a transporter.
 15813 | Gauntlet | Found a transporter.
 15821 | Gauntlet | Found a transporter.
 15842 | Gauntlet | Found a transporter.
 15853 | Gauntlet | Found a transporter.
 15857 | Gauntlet | Noticed a dire elephant
 15864 | Gauntlet | Found a transporter.
 15883 | Gauntlet | Found a transporter.
 15886 | Gauntlet | Found a transporter.
 15897 | Gauntlet | Found a transporter.
 15946 | Gauntlet | Found a transporter.
 15964 | Gauntlet | Found a transporter.
 16051 | Gauntlet | 16051 ||| Stepping ~*~*~tactically~*~*~ (stealth).
 16058 | Gauntlet | Reached skill level 12 in Fighting
 16068 | Gauntlet | 16068 ||| UPGRADING to +1 pair of gloves of dexterity.
 16078 | Gauntlet | 16078 ||| DROPPING +2 pair of gloves.
 16093 | Gauntlet | 16093 ||| INVOKING Heroism.
 16120 | Gauntlet | Identified the ring "Unenuarch" {*Slow Fly MP+9 Int+6
                  | Dex-2}
 16124 | Gauntlet | 16124 ||| DROPPING ring "Unenuarch" {*Slow Fly MP+9 Int+6
                  | Dex-2}.
 16135 | Gauntlet | Reached skill level 3 in Dodging
 16141 | Gauntlet | Identified the ring "Ehaik" {Ice SInv}
 16186 | Gauntlet | 16186 ||| INVOKING Heroism.
 16213 | Gauntlet | Identified the staff of cold "Siolaic" {rC+ rN++ Str+4}
 16291 | Gauntlet | 16291 ||| DROPPING +4 scale mail of cold resistance.
 16292 | Gauntlet | 16292 ||| UPGRADING to +3 plate armour.
 16302 | Gauntlet | 16302 ||| DROPPING +0 plate armour.
 16340 | D:13     | 16340 ||| PLANNING D
 16392 | D:13     | 16392 ||| Stepping ~*~*~tactically~*~*~ (stealth).
 16397 | D:13     | Reached XP level 15. HP: 96/96 MP: 22/22
 16403 | D:13     | Reached skill level 3 in Throwing
 16403 | D:13     | 16403 ||| INVOKING Heroism.
 16564 | D:13     | Found a gate to the Vaults.
 16728 | D:13     | 16728 ||| UPGRADING to +0 tower shield.
 16738 | D:13     | 16738 ||| DROPPING +2 kite shield.
 16773 | D:14     | 16773 ||| Stepping ~*~*~tactically~*~*~ (hiding).
 16794 | D:14     | Identified the +0 kite shield "Yklai" {Str+3 Int+3 Dex+2}
                  | (Okawaru gifted it to you on level 14 of the Dungeon)
 16794 | D:14     | Received a gift from Okawaru
 16933 | D:14     | 16933 ||| Stepping ~*~*~tactically~*~*~ (hiding).
 16934 | D:14     | 16934 ||| Stepping ~*~*~tactically~*~*~ (hiding).
 17359 | D:15     | Entered Level 15 of the Dungeon
 17412 | D:15     | Found a staircase to the Depths.
 17414 | D:15     | 17414 ||| INVOKING Heroism.
 17443 | D:15     | 17443 ||| INVOKING Finesse.
 17603 | D:15     | 17603 ||| FLEEEEING.
 17604 | D:15     | 17604 ||| FLEEEEING.
 17605 | D:15     | 17605 ||| FLEEEEING.
 17621 | D:15     | 17621 ||| Stepping ~*~*~tactically~*~*~ (hiding).
 17623 | D:15     | 17623 ||| Stepping ~*~*~tactically~*~*~ (hiding).
 17703 | D:15     | 17703 ||| Stepping ~*~*~tactically~*~*~ (hiding).
 17704 | D:15     | 17704 ||| Stepping ~*~*~tactically~*~*~ (hiding).
 17706 | D:15     | Noticed Josephine
 17713 | D:15     | Killed Josephine
 18278 | D:15     | Found a shadowy altar of Dithmenos.
 18329 | D:15     | 18329 ||| PLANNING ORC
 18466 | Orc:1    | Entered Level 1 of the Orcish Mines
 18467 | Orc:1    | 18467 ||| INVOKING Heroism.
 18489 | Orc:1    | 18489 ||| Stepping ~*~*~tactically~*~*~ (hiding).
 18490 | Orc:1    | 18490 ||| Stepping ~*~*~tactically~*~*~ (hiding).
 18498 | Orc:1    | Found Piro Lif's Distillery.
 18579 | Orc:1    | 18579 ||| Stepping ~*~*~tactically~*~*~ (stealth).
 18582 | Orc:1    | 18582 ||| Stepping ~*~*~tactically~*~*~ (stealth).
 18584 | Orc:1    | 18584 ||| INVOKING Heroism.
 18585 | Orc:1    | 18585 ||| INVOKING Finesse.
 18648 | Orc:1    | 18648 ||| BUYING 2 potions of haste (240 gold).
 18648 | Orc:1    | Bought 2 potions of haste for 240 gold pieces
 18648 | Orc:1    | 18648 ||| BUYING potion of attraction (36 gold).
 18648 | Orc:1    | Bought a potion of attraction for 36 gold pieces
 18648 | Orc:1    | 18648 ||| BUYING potion of cancellation (96 gold).
 18648 | Orc:1    | Bought a potion of cancellation for 96 gold pieces
 18648 | Orc:1    | 18648 ||| BUYING potion of curing (36 gold).
 18648 | Orc:1    | Bought a potion of curing for 36 gold pieces
 18648 | Orc:1    | 18648 ||| BUYING potion of curing (36 gold).
 18648 | Orc:1    | Bought a potion of curing for 36 gold pieces
 18648 | Orc:1    | 18648 ||| BUYING potion of heal wounds (60 gold).
 18648 | Orc:1    | Bought a potion of heal wounds for 60 gold pieces
 18648 | Orc:1    | 18648 ||| BUYING potion of resistance (120 gold).
 18648 | Orc:1    | Bought a potion of resistance for 120 gold pieces
 18661 | Orc:1    | 18661 ||| Stepping ~*~*~tactically~*~*~ (hiding).
 18662 | Orc:1    | 18662 ||| Stepping ~*~*~tactically~*~*~ (hiding).
 18675 | Orc:1    | 18675 ||| Stepping ~*~*~tactically~*~*~ (hiding).
 18887 | Orc:2    | Entered Level 2 of the Orcish Mines
 18894 | Orc:2    | 18894 ||| INVOKING Heroism.
 18955 | Orc:2    | 18955 ||| Stepping ~*~*~tactically~*~*~ (stealth).
 18957 | Orc:2    | 18957 ||| Stepping ~*~*~tactically~*~*~ (stealth).
 18959 | Orc:2    | 18959 ||| Stepping ~*~*~tactically~*~*~ (stealth).
 19052 | Orc:2    | 19052 ||| Stepping ~*~*~tactically~*~*~ (hiding).
 19056 | Orc:2    | 19056 ||| Stepping ~*~*~tactically~*~*~ (stealth).
 19057 | Orc:2    | 19057 ||| Stepping ~*~*~tactically~*~*~ (hiding).
 19058 | Orc:2    | 19058 ||| Stepping ~*~*~tactically~*~*~ (hiding).
 19059 | Orc:2    | 19059 ||| Stepping ~*~*~tactically~*~*~ (hiding).
 19067 | Orc:2    | 19067 ||| INVOKING Heroism.
 19083 | Orc:2    | HP: 20/96 [orc priest/divine providence (15)]
 19084 | Orc:2    | 19084 ||| READING 5 scrolls of teleportation.
 19085 | Orc:2    | 19085 ||| DRINKING 11 potions of heal wounds.
 19086 | Orc:2    | 19086 ||| INVOKING Heroism.
 19148 | Orc:2    | 19148 ||| INVOKING Heroism.
 19165 | Orc:2    | 19165 ||| Stepping ~*~*~tactically~*~*~ (stealth).
 19166 | Orc:2    | 19166 ||| Stepping ~*~*~tactically~*~*~ (hiding).
 19169 | Orc:2    | 19169 ||| Stepping ~*~*~tactically~*~*~ (hiding).
 19182 | Orc:2    | 19182 ||| Stepping ~*~*~tactically~*~*~ (hiding).
 19198 | Orc:2    | 19198 ||| INVOKING Heroism.
 19259 | Orc:2    | 19259 ||| Stepping ~*~*~tactically~*~*~ (stealth).
 19260 | Orc:2    | 19260 ||| Stepping ~*~*~tactically~*~*~ (stealth).
 19263 | Orc:2    | 19263 ||| INVOKING Heroism.
 19265 | Orc:2    | 19265 ||| Stepping ~*~*~tactically~*~*~ (hiding).
 19281 | Orc:2    | HP: 23/96 [orc knight/+0 bardiche (23)]
 19282 | Orc:2    | 19282 ||| READING 4 scrolls of teleportation.
 19282 | Orc:2    | HP: 6/96 [orc knight/+1 bardiche (7)]
 19283 | Orc:2    | 19283 ||| DRINKING 10 potions of heal wounds.
 19313 | Orc:2    | 19313 ||| Stepping ~*~*~tactically~*~*~ (stealth).
 19315 | Orc:2    | 19315 ||| Stepping ~*~*~tactically~*~*~ (stealth).
 19318 | Orc:2    | 19318 ||| INVOKING Heroism.
 19324 | Orc:2    | Noticed Snorg
 19330 | Orc:2    | Killed Snorg
 19331 | Orc:2    | Reached skill level 15 in Shields
 19351 | Orc:2    | 19351 ||| INVOKING Heroism.
 19383 | Orc:2    | Found a radiant altar of Vehumet.
 19439 | Orc:2    | 19439 ||| INVOKING Heroism.
 19446 | Orc:2    | Received a gift from Okawaru
 19471 | Orc:2    | 19471 ||| INVOKING Heroism.
 19535 | Orc:2    | Found Wuemorch's Weapon Boutique.
 19563 | Orc:2    | 19563 ||| Stepping ~*~*~tactically~*~*~ (stealth).
 19564 | Orc:2    | 19564 ||| Stepping ~*~*~tactically~*~*~ (stealth).
 19569 | Orc:2    | 19569 ||| Stepping ~*~*~tactically~*~*~ (hiding).
 19572 | Orc:2    | 19572 ||| INVOKING Heroism.
 19584 | Orc:2    | 19584 ||| Stepping ~*~*~tactically~*~*~ (hiding).
 19607 | Orc:2    | 19607 ||| INVOKING Heroism.
 19652 | Orc:2    | 19652 ||| Stepping ~*~*~tactically~*~*~ (stealth).
 19654 | Orc:2    | 19654 ||| Stepping ~*~*~tactically~*~*~ (stealth).
 19655 | Orc:2    | 19655 ||| Stepping ~*~*~tactically~*~*~ (stealth).
 19656 | Orc:2    | 19656 ||| Stepping ~*~*~tactically~*~*~ (stealth).
 19663 | Orc:2    | 19663 ||| Stepping ~*~*~tactically~*~*~ (hiding).
 19664 | Orc:2    | 19664 ||| Stepping ~*~*~tactically~*~*~ (hiding).
 19671 | Orc:2    | 19671 ||| INVOKING Heroism.
 19685 | Orc:2    | 19685 ||| Stepping ~*~*~tactically~*~*~ (hiding).
 19723 | Orc:2    | Found Fofanucs's Antique Weapon Emporium.
 19726 | Orc:2    | Found Ubicaexzai's General Store.
 19728 | Orc:2    | Found Gythomuj's Book Shoppe.
 19729 | Orc:2    | Found Numiatih's Antique Weapon Emporium.
 19733 | Orc:2    | 19733 ||| BUYING +5 chain mail of Wotaxa {Int+3 Slay+3}
                  | (664 gold).
 19733 | Orc:2    | Bought the +5 chain mail of Wotaxa {Int+3 Slay+3} for 664
                  | gold pieces
 19733 | Orc:2    | 19733 ||| BUYING 2 potions of curing (72 gold).
 19733 | Orc:2    | Bought 2 potions of curing for 72 gold pieces
 19733 | Orc:2    | 19733 ||| BUYING potion of might (48 gold).
 19733 | Orc:2    | Bought a potion of might for 48 gold pieces
 19733 | Orc:2    | 19733 ||| SHOPLISTING scroll of acquirement (624 gold, have
                  | 243).
 19848 | Orc:2    | Found a staircase to the Elven Halls.
 19854 | Orc:2    | 19854 ||| UPGRADING to +5 chain mail of Wotaxa {Int+3
                  | Slay+3}.
 19864 | Orc:2    | 19864 ||| DROPPING +3 plate armour.
 19872 | Orc:1    | 19872 ||| INVOKING Heroism.
 19877 | Orc:1    | Reached XP level 16. HP: 101/101 MP: 21/23
 19880 | Orc:1    | Received a gift from Okawaru
 20128 | Orc:2    | 20128 ||| PLANNING SHOALS:1-3
 20268 | Shoals:1 | Entered Level 1 of the Shoals
 20268 | Shoals:1 | Found Hucafon's General Store.
 20268 | Shoals:1 | Found Vuotikhlui's Specific Store.
 20272 | Shoals:1 | Noticed Donald
 20274 | Shoals:1 | 20274 ||| INVOKING Heroism.
 20281 | Shoals:1 | Killed Donald
 20303 | Shoals:1 | 20303 ||| INVOKING Heroism.
 20304 | Shoals:1 | HP: 25/101 [merfolk impaler/+4 trident of pain (2)]
 20305 | Shoals:1 | 20305 ||| READING 3 scrolls of teleportation.
 20308 | Shoals:1 | 20308 ||| READING 2 scrolls of teleportation.
 20309 | Shoals:1 | 20309 ||| DRINKING 9 potions of heal wounds.
 20344 | Shoals:1 | 20344 ||| INVOKING Heroism.
 20381 | Shoals:1 | Noticed Mlioglotl
 20387 | Shoals:1 | Noticed a tentacled starspawn
 20390 | Shoals:1 | Killed Mlioglotl
 20423 | Shoals:1 | 20423 ||| Stepping ~*~*~tactically~*~*~ (hiding).
 20609 | Shoals:1 | 20609 ||| BUYING potion of haste (150 gold).
 20609 | Shoals:1 | Bought a potion of haste for 150 gold pieces
 20609 | Shoals:1 | 20609 ||| BUYING potion of haste (150 gold).
 20609 | Shoals:1 | Bought a potion of haste for 150 gold pieces
 20609 | Shoals:1 | 20609 ||| SHOPLISTING ring of Ywei {rPois Will+ rCorr} (573
                  | gold, have 256).
 20639 | Shoals:1 | 20639 ||| Stepping ~*~*~tactically~*~*~ (hiding).
 20640 | Shoals:1 | 20640 ||| Stepping ~*~*~tactically~*~*~ (stealth).
 20641 | Shoals:1 | 20641 ||| Stepping ~*~*~tactically~*~*~ (hiding).
 20643 | Shoals:1 | 20643 ||| Stepping ~*~*~tactically~*~*~ (hiding).
 20644 | Shoals:1 | 20644 ||| Stepping ~*~*~tactically~*~*~ (hiding).
 20645 | Shoals:1 | 20645 ||| Stepping ~*~*~tactically~*~*~ (hiding).
 20646 | Shoals:1 | 20646 ||| Stepping ~*~*~tactically~*~*~ (hiding).
 20656 | Shoals:1 | 20656 ||| INVOKING Heroism.
 20904 | Shoals:1 | Noticed Nikola
 20905 | Shoals:1 | 20905 ||| INVOKING Heroism.
 20916 | Shoals:1 | Reached skill level 6 in Throwing
 20922 | Shoals:1 | HP: 25/101 [Nikola/bolt of lightning (7)]
 20923 | Shoals:1 | 20923 ||| READING scroll of teleportation.
 20926 | Shoals:1 | 20926 ||| FLEEEEING.
 20927 | Shoals:1 | 20927 ||| FLEEEEING.
 20928 | Shoals:1 | 20928 ||| FLEEEEING.
 20929 | Shoals:1 | 20929 ||| FLEEEEING.
 20930 | Shoals:1 | 20930 ||| FLEEEEING.
 20931 | Shoals:1 | 20931 ||| FLEEEEING.
 21098 | Shoals:1 | 21098 ||| INVOKING Heroism.
 21118 | Shoals:1 | 21118 ||| Stepping ~*~*~tactically~*~*~ (hiding).
 21124 | Shoals:1 | 21124 ||| Stepping ~*~*~tactically~*~*~ (hiding).
 21126 | Shoals:1 | 21126 ||| Stepping ~*~*~tactically~*~*~ (hiding).
 21131 | Shoals:1 | Killed Nikola
 21286 | Shoals:1 | 21286 ||| Stepping ~*~*~tactically~*~*~ (hiding).
 21287 | Shoals:1 | 21287 ||| Stepping ~*~*~tactically~*~*~ (hiding).
 21571 | Shoals:1 | 21571 ||| UPGRADING to +0 crystal plate armour.
 21581 | Shoals:1 | 21581 ||| DROPPING +5 chain mail of Wotaxa {Int+3 Slay+3}.
 21582 | Shoals:1 | 21582 ||| READING scroll labelled SUCROC ASEXA.
 21619 | Shoals:2 | 21619 ||| Stepping ~*~*~tactically~*~*~ (hiding).
 21622 | Shoals:2 | 21622 ||| Stepping ~*~*~tactically~*~*~ (hiding).
 21624 | Shoals:2 | 21624 ||| INVOKING Heroism.
 21704 | Shoals:2 | 21704 ||| INVOKING Heroism.
 21892 | Shoals:2 | 21892 ||| INVOKING Heroism.
 22014 | Shoals:2 | 22014 ||| Stepping ~*~*~tactically~*~*~ (hiding).
 22016 | Shoals:2 | 22016 ||| Stepping ~*~*~tactically~*~*~ (hiding).
 22019 | Shoals:2 | 22019 ||| Stepping ~*~*~tactically~*~*~ (hiding).
 22087 | Shoals:2 | 22087 ||| Stepping ~*~*~tactically~*~*~ (hiding).
 22088 | Shoals:2 | 22088 ||| Stepping ~*~*~tactically~*~*~ (hiding).
 22095 | Shoals:2 | Reached skill level 12 in Armour
 22209 | Shoals:2 | 22209 ||| READING scroll of brand weapon.
 22209 | Shoals:2 | 22209 ||| BRANDING +4 broad axe of chaos.
 22374 | Shoals:2 | 22374 ||| INVOKING Heroism.
 22486 | Shoals:2 | 22486 ||| UPGRADING to +2 pair of boots.
 22496 | Shoals:2 | 22496 ||| DROPPING +1 pair of boots.
 22532 | Shoals:3 | 22532 ||| Stepping ~*~*~tactically~*~*~ (hiding).
 22533 | Shoals:3 | 22533 ||| Stepping ~*~*~tactically~*~*~ (hiding).
 22534 | Shoals:3 | 22534 ||| Stepping ~*~*~tactically~*~*~ (hiding).
 22535 | Shoals:3 | 22535 ||| Stepping ~*~*~tactically~*~*~ (hiding).
 22536 | Shoals:3 | 22536 ||| Stepping ~*~*~tactically~*~*~ (hiding).
 22544 | Shoals:3 | 22544 ||| Stepping ~*~*~tactically~*~*~ (hiding).
 22576 | Shoals:3 | Found Leromed's Vocational Training.
 22862 | Shoals:3 | Found a runed translucent gate.
 22862 | Shoals:3 | Found a runed translucent gate.
 22862 | Shoals:3 | Found a runed translucent gate.
 22863 | Shoals:3 | Found an opulent altar of Gozag.
 22863 | Shoals:3 | Noticed Keherigeeg's ghost (adept FoCK)
 22867 | Shoals:3 | Found Urhaeneg's Assorted Antiques.
 22867 | Shoals:3 | Found Duluciah's Assorted Antiques.
 22927 | Shoals:3 | 22927 ||| Stepping ~*~*~tactically~*~*~ (hiding).
 22928 | Shoals:3 | 22928 ||| Stepping ~*~*~tactically~*~*~ (hiding).
 22929 | Shoals:3 | 22929 ||| Stepping ~*~*~tactically~*~*~ (hiding).
 23085 | Shoals:3 | Found a frozen archway.
 23086 | Shoals:3 | 23086 ||| INVOKING Heroism.
 23099 | Shoals:3 | 23099 ||| Stepping ~*~*~tactically~*~*~ (cloud).
 23317 | Shoals:3 | 23317 ||| PLANNING SPIDER:1-3
 23409 | Spider:1 | Entered Level 1 of the Spider Nest
 23413 | Spider:1 | 23413 ||| STAIRDANCE
 23435 | Spider:1 | 23435 ||| Stepping ~*~*~tactically~*~*~ (stealth).
 23436 | Spider:1 | 23436 ||| Stepping ~*~*~tactically~*~*~ (stealth).
 23589 | Spider:1 | Identified the +8 flail of Greed {heavy, Stlth+}
 23592 | Spider:1 | Noticed Frances
 23593 | Spider:1 | 23593 ||| Stepping ~*~*~tactically~*~*~ (stealth).
 23594 | Spider:1 | 23594 ||| Stepping ~*~*~tactically~*~*~ (stealth).
 23595 | Spider:1 | 23595 ||| INVOKING Heroism.
 23596 | Spider:1 | 23596 ||| INVOKING Finesse.
 23610 | Spider:1 | Killed Frances
 23696 | Spider:1 | 23696 ||| Stepping ~*~*~tactically~*~*~ (stealth).
 23744 | Spider:1 | 23744 ||| Stepping ~*~*~tactically~*~*~ (hiding).
 23748 | Spider:1 | 23748 ||| INVOKING Finesse.
 23819 | Spider:1 | Reached XP level 17. HP: 106/106 MP: 24/24
 23826 | Spider:1 | 23826 ||| DRINKING 7 potions of cancellation.
 23826 | Spider:1 | Received a gift from Okawaru
 23827 | Spider:1 | 23827 ||| INVOKING Heroism.
 23837 | Spider:1 | HP: 26/106 [redback (5)]
 23838 | Spider:1 | 23838 ||| DRINKING 8 potions of heal wounds.
 23865 | Spider:1 | HP: 26/106 [demonic crawler (7)]
 23866 | Spider:1 | 23866 ||| DRINKING 7 potions of heal wounds.
 23874 | Spider:1 | 23874 ||| INVOKING Heroism.
 24096 | Spider:1 | 24096 ||| FLEEEEING.
 24098 | Spider:1 | 24098 ||| FLEEEEING.
 24101 | Spider:1 | 24101 ||| FLEEEEING.
 24102 | Spider:1 | 24102 ||| FLEEEEING.
 24103 | Spider:1 | 24103 ||| FLEEEEING.
 24104 | Spider:1 | 24104 ||| FLEEEEING.
 24105 | Spider:1 | 24105 ||| FLEEEEING.
 24107 | Spider:1 | 24107 ||| FLEEEEING.
 24108 | Spider:1 | 24108 ||| FLEEEEING.
 24109 | Spider:1 | 24109 ||| FLEEEEING.
 24110 | Spider:1 | 24110 ||| FLEEEEING.
 24111 | Spider:1 | 24111 ||| FLEEEEING.
 24113 | Spider:1 | 24113 ||| FLEEEEING.
 24114 | Spider:1 | 24114 ||| FLEEEEING.
 24213 | Spider:1 | 24213 ||| Stepping ~*~*~tactically~*~*~ (stealth).
 24215 | Spider:1 | 24215 ||| Stepping ~*~*~tactically~*~*~ (hiding).
 24225 | Spider:1 | 24225 ||| FLEEEEING.
 24229 | Spider:1 | Received a gift from Okawaru
 24528 | Spider:2 | 24528 ||| INVOKING Finesse.
 24529 | Spider:2 | 24529 ||| INVOKING Heroism.
 24573 | Spider:2 | 24573 ||| INVOKING Heroism.
 24578 | Spider:2 | Reached skill level 15 in Armour
 24630 | Spider:2 | 24630 ||| INVOKING Heroism.
 24664 | Spider:2 | 24664 ||| Stepping ~*~*~tactically~*~*~ (hiding).
 24665 | Spider:2 | 24665 ||| Stepping ~*~*~tactically~*~*~ (hiding).
 24680 | Spider:2 | 24680 ||| Stepping ~*~*~tactically~*~*~ (hiding).
 24681 | Spider:2 | 24681 ||| Stepping ~*~*~tactically~*~*~ (hiding).
 24733 | Spider:2 | 24733 ||| INVOKING Heroism.
 24777 | Spider:2 | 24777 ||| Stepping ~*~*~tactically~*~*~ (stealth).
 24919 | Spider:2 | Noticed Kirke
 24920 | Spider:2 | 24920 ||| Stepping ~*~*~tactically~*~*~ (stealth).
 24926 | Spider:2 | Received a gift from Okawaru
 24938 | Spider:2 | 24938 ||| DRINKING 7 potions of cancellation.
 24939 | Spider:2 | Killed Kirke
 24944 | Spider:2 | 24944 ||| INVOKING Heroism.
 24972 | Spider:2 | Noticed Azrael
 24975 | Spider:2 | 24975 ||| Stepping ~*~*~tactically~*~*~ (hiding).
 24979 | Spider:2 | 24979 ||| FLEEEEING.
 24986 | Spider:2 | 24986 ||| INVOKING Heroism.
 24987 | Spider:2 | Killed Azrael
 25070 | Spider:2 | 25070 ||| DROPPING +2 pair of gloves.
 25071 | Spider:2 | 25071 ||| READING scroll labelled GAALAAPREEM.
 25378 | Spider:2 | 25378 ||| READING scroll of enchant armour.
 25378 | Spider:2 | 25378 ||| ENCHANTING +0 crystal plate armour.
 25504 | Spider:3 | 25504 ||| READING scroll of enchant armour.
 25504 | Spider:3 | 25504 ||| ENCHANTING +1 crystal plate armour.
 25571 | Spider:3 | Received a gift from Okawaru
 25705 | Spider:3 | 25705 ||| Stepping ~*~*~tactically~*~*~ (stealth).
 25984 | Spider:3 | 25984 ||| PLANNING SHOALS:4
 25984 | Spider:3 | 25984 ||| READING scroll labelled FYNTUT KELULED.
 26166 | Shoals:4 | Entered Level 4 of the Shoals
 26176 | Shoals:4 | 26176 ||| INVOKING Heroism.
 26207 | Shoals:4 | Noticed a kraken
 26214 | Shoals:4 | Killed a kraken
 26239 | Shoals:4 | Noticed Bai Suzhen
 26240 | Shoals:4 | 26240 ||| INVOKING Heroism.
 26252 | Shoals:4 | 26252 ||| SWAPPING to +0 war axe "Gyexurgh" {flame, rN+
                  | rCorr Int+3 SInv}.
 26253 | Shoals:4 | 26253 ||| REMOVING ring of see invisible.
 26260 | Shoals:4 | 26260 ||| SWAPPING to +4 broad axe of venom.
 26262 | Shoals:4 | 26262 ||| INVOKING Heroism.
 26272 | Shoals:4 | 26272 ||| SWAPPING to +0 war axe "Gyexurgh" {flame, rN+
                  | rCorr Int+3 SInv}.
 26280 | Shoals:4 | 26280 ||| SWAPPING to +4 broad axe of venom.
 26290 | Shoals:4 | Killed Bai Suzhen
 26308 | Shoals:4 | 26308 ||| INVOKING Finesse.
 26322 | Shoals:4 | HP: 27/108 [merfolk javelineer/javelin (9)]
 26323 | Shoals:4 | 26323 ||| READING scroll of teleportation.
 26332 | Shoals:4 | HP: 26/108 [merfolk javelineer/silver javelin (7)]
 26333 | Shoals:4 | 26333 ||| DRINKING 7 potions of heal wounds.
 26341 | Shoals:4 | 26341 ||| INVOKING Heroism.
 26378 | Shoals:4 | 26378 ||| INVOKING Heroism.
 26391 | Shoals:4 | 26391 ||| Stepping ~*~*~tactically~*~*~ (stealth).
 26395 | Shoals:4 | 26395 ||| Stepping ~*~*~tactically~*~*~ (stealth).
 26396 | Shoals:4 | 26396 ||| Stepping ~*~*~tactically~*~*~ (stealth).
 26415 | Shoals:4 | Reached XP level 18. HP: 101/114 MP: 25/25
 26441 | Shoals:4 | 26441 ||| INVOKING Heroism.
 26462 | Shoals:4 | HP: 15/114 [satyr/arrow (21)]
 26463 | Shoals:4 | 26463 ||| DRINKING 6 potions of heal wounds.
 26534 | Shoals:4 | 26534 ||| INVOKING Heroism.
 26575 | Shoals:4 | Found Nenorr's Antique Armour Shoppe.
 26590 | Shoals:4 | 26590 ||| Stepping ~*~*~tactically~*~*~ (hiding).
 26693 | Shoals:4 | 26693 ||| Stepping ~*~*~tactically~*~*~ (stealth).
 26694 | Shoals:4 | 26694 ||| Stepping ~*~*~tactically~*~*~ (stealth).
 26695 | Shoals:4 | 26695 ||| Stepping ~*~*~tactically~*~*~ (stealth).
 26697 | Shoals:4 | 26697 ||| Stepping ~*~*~tactically~*~*~ (stealth).
 26706 | Shoals:4 | 26706 ||| Stepping ~*~*~tactically~*~*~ (hiding).
 26708 | Shoals:4 | 26708 ||| Stepping ~*~*~tactically~*~*~ (hiding).
 26879 | Shoals:4 | 26879 ||| Stepping ~*~*~tactically~*~*~ (hiding).
 26880 | Shoals:4 | 26880 ||| Stepping ~*~*~tactically~*~*~ (hiding).
 26884 | Shoals:4 | 26884 ||| INVOKING Heroism.
 26885 | Shoals:4 | 26885 ||| INVOKING Finesse.
 26886 | Shoals:4 | 26886 ||| Stepping ~*~*~tactically~*~*~ (hiding).
 26980 | Shoals:4 | 26980 ||| INVOKING Heroism.
 26995 | Shoals:4 | Received a gift from Okawaru
 27100 | Shoals:4 | 27100 ||| INVOKING Heroism.
 27147 | Shoals:4 | Found Sianlacs's Jewellery Shop.
 27158 | Shoals:4 | 27158 ||| BUYING +5 ring of evasion (612 gold).
 27158 | Shoals:4 | Bought a +5 ring of evasion for 612 gold pieces
 27158 | Shoals:4 | 27158 ||| SHOPLISTING ring of resist corrosion (340 gold,
                  | have 296).
 27158 | Shoals:4 | 27158 ||| SHOPLISTING ring of the Wonderful Tomato {Ice
                  | rElec rN+ Str+5} (912 gold, have 296).
 27160 | Shoals:4 | 27160 ||| INVOKING Heroism.
 27185 | Shoals:4 | 27185 ||| FLEEEEING.
 27186 | Shoals:4 | 27186 ||| FLEEEEING.
 27187 | Shoals:4 | 27187 ||| FLEEEEING.
 27188 | Shoals:4 | 27188 ||| FLEEEEING.
 27189 | Shoals:4 | 27189 ||| STAIRDANCE
 27261 | Shoals:3 | 27261 ||| UPGRADING to ring of protection from cold.
 27262 | Shoals:3 | 27262 ||| UPGRADING to ring of see invisible.
 27264 | Shoals:3 | 27264 ||| DROPPING ring of see invisible.
 27265 | Shoals:3 | 27265 ||| DROPPING ring of positive energy.
 27266 | Shoals:3 | 27266 ||| UPGRADING to +5 ring of evasion.
 27268 | Shoals:3 | 27268 ||| UPGRADING to +6 ring of strength.
 27270 | Shoals:3 | 27270 ||| UPGRADING to ring of see invisible.
 27272 | Shoals:3 | 27272 ||| DROPPING ring of willpower.
 27291 | Shoals:4 | 27291 ||| FLEEEEING.
 27292 | Shoals:4 | 27292 ||| STAIRDANCE
 27383 | Shoals:4 | 27383 ||| INVOKING Heroism.
 27574 | Shoals:4 | Got a barnacled rune of Zot
 27616 | Shoals:4 | 27616 ||| INVOKING Heroism.
 27671 | Shoals:4 | 27671 ||| INVOKING Heroism.
 27693 | Shoals:4 | 27693 ||| INVOKING Heroism.
 27895 | Shoals:4 | 27895 ||| PLANNING VAULTS:1-4
 27895 | Shoals:4 | 27895 ||| DROPPING 3 silver boomerangs.
 27896 | Shoals:4 | 27896 ||| DROPPING 23 boomerangs.
 27897 | Shoals:4 | 27897 ||| DROPPING 9 boomerangs of dispersal.
 28052 | Vaults:1 | Entered Level 1 of the Vaults
 28089 | Vaults:1 | Identified the +8 chain mail of the Clam {+Blink rC+ Dex-3}
 28146 | Vaults:1 | 28146 ||| INVOKING Heroism.
 28162 | Vaults:1 | Reached skill level 18 in Axes
 28165 | Vaults:1 | 28165 ||| INVOKING Heroism.
 28184 | Vaults:1 | HP: 27/114 [iron troll (7)]
 28185 | Vaults:1 | 28185 ||| DRINKING 5 potions of heal wounds.
 28200 | Vaults:1 | Received a gift from Okawaru
 28310 | Vaults:1 | Found Ritusifi's Assorted Antiques.
 28312 | Vaults:1 | Found Gicvuid's Distillery.
 28319 | Vaults:1 | 28319 ||| BUYING runed war axe (247 gold).
 28319 | Vaults:1 | Bought a runed war axe for 247 gold pieces
 28319 | Vaults:1 | 28319 ||| DROPPING +0 war axe of flaming.
 28329 | Vaults:1 | 28329 ||| SHOPLISTING potion of cancellation (160 gold,
                  | have 84).
 28329 | Vaults:1 | 28329 ||| BUYING potion of curing (60 gold).
 28329 | Vaults:1 | Bought a potion of curing for 60 gold pieces
 28329 | Vaults:1 | 28329 ||| SHOPLISTING potion of curing (60 gold, have 24).
 28329 | Vaults:1 | 28329 ||| SHOPLISTING potion of haste (200 gold, have 24).
 28329 | Vaults:1 | 28329 ||| SHOPLISTING potion of mutation (160 gold, have
                  | 24).
 28437 | Vaults:1 | 28437 ||| Stepping ~*~*~tactically~*~*~ (hiding).
 28492 | Vaults:1 | 28492 ||| Stepping ~*~*~tactically~*~*~ (stealth).
 28499 | Vaults:1 | 28499 ||| FLEEEEING.
 28564 | Vaults:1 | 28564 ||| Stepping ~*~*~tactically~*~*~ (stealth).
 28565 | Vaults:1 | 28565 ||| Stepping ~*~*~tactically~*~*~ (stealth).
 28567 | Vaults:1 | 28567 ||| Stepping ~*~*~tactically~*~*~ (stealth).
 28568 | Vaults:1 | 28568 ||| Stepping ~*~*~tactically~*~*~ (stealth).
 28598 | Vaults:1 | 28598 ||| INVOKING Heroism.
 28728 | Vaults:1 | Found Vaufal's Antique Weapon Shop.
 28753 | Vaults:1 | 28753 ||| FLEEEEING.
 28767 | Vaults:1 | 28767 ||| FLEEEEING.
 28768 | Vaults:1 | 28768 ||| FLEEEEING.
 28939 | Vaults:1 | Found Ufainaar's Armour Emporium.
 28940 | Vaults:1 | 28940 ||| Stepping ~*~*~tactically~*~*~ (hiding).
 28946 | Vaults:1 | 28946 ||| INVOKING Heroism.
 28947 | Vaults:1 | 28947 ||| INVOKING Finesse.
 28952 | Vaults:1 | Reached XP level 19. HP: 120/120 MP: 18/26
 29210 | Vaults:1 | 29210 ||| SHOPLISTING +0 pair of boots "Moshel" {Rampage
                  | rCorr Str-5 Dex+3} (270 gold, have 111).
 29319 | Vaults:1 | 29319 ||| DRINKING 12 potions of curing.
 29319 | Vaults:1 | 29319 ||| (to cure confusion)
 29526 | Vaults:1 | 29526 ||| INVOKING Heroism.
 29527 | Vaults:1 | 29527 ||| INVOKING Finesse.
 29718 | Vaults:1 | Reached skill level 18 in Shields
 29792 | Vaults:2 | Received a gift from Okawaru
 29807 | Vaults:2 | You are sucked into a shaft and drop 1 floor!
 29852 | Vaults:3 | 29852 ||| INVOKING Heroism.
 29856 | Vaults:3 | Identified the +10 broad axe "Higa" {elec, Dex+6} (Okawaru
                  | gifted it to you on level 3 of the Vaults)
 29856 | Vaults:3 | Received a gift from Okawaru
 29890 | Vaults:3 | 29890 ||| SWAPPING to +10 broad axe "Higa" {elec, Dex+6}.
 29891 | Vaults:3 | 29891 ||| DROPPING +4 broad axe of venom.
 30131 | Vaults:2 | 30131 ||| Stepping ~*~*~tactically~*~*~ (stealth).
 30132 | Vaults:2 | 30132 ||| Stepping ~*~*~tactically~*~*~ (stealth).
 30374 | Vaults:2 | Found a staircase to the Crypt.
 30374 | Vaults:2 | Found an ancient bone altar of Kikubaaqudgha.
 30375 | Vaults:2 | Found a basalt altar of Yredelemnul.
 30545 | Vaults:2 | Identified the +4 helmet "Xokaoqott" {rC+ Dex+3} (Okawaru
                  | gifted it to you on level 2 of the Vaults)
 30545 | Vaults:2 | Received a gift from Okawaru
 30556 | Vaults:2 | Reached skill level 18 in Armour
 30608 | Vaults:2 | 30608 ||| INVOKING Heroism.
 30638 | Vaults:2 | 30638 ||| Stepping ~*~*~tactically~*~*~ (stealth).
 30652 | Vaults:2 | 30652 ||| INVOKING Finesse.
 30663 | Vaults:2 | 30663 ||| Stepping ~*~*~tactically~*~*~ (hiding).
 30664 | Vaults:2 | 30664 ||| Stepping ~*~*~tactically~*~*~ (hiding).
 30666 | Vaults:2 | 30666 ||| Stepping ~*~*~tactically~*~*~ (hiding).
 30704 | Vaults:2 | 30704 ||| FLEEEEING.
 30705 | Vaults:2 | 30705 ||| FLEEEEING.
 30706 | Vaults:2 | 30706 ||| FLEEEEING.
 30707 | Vaults:2 | 30707 ||| FLEEEEING.
 30711 | Vaults:2 | 30711 ||| STAIRDANCE
 30818 | Vaults:1 | 30818 ||| UPGRADING to +4 helmet "Xokaoqott" {rC+ Dex+3}.
 30828 | Vaults:1 | 30828 ||| DROPPING +0 helmet.
 30838 | Vaults:2 | 30838 ||| STAIRDANCE
 31039 | Vaults:2 | 31039 ||| Stepping ~*~*~tactically~*~*~ (hiding).
 31060 | Vaults:2 | Reached skill level 6 in Dodging
 31122 | Vaults:2 | Reached skill level 15 in Fighting
 31237 | Vaults:2 | 31237 ||| DROPPING 2 boomerangs.
 31732 | Vaults:3 | Reached XP level 20. HP: 116/129 MP: 27/27
 31886 | Vaults:3 | 31886 ||| Stepping ~*~*~tactically~*~*~ (hiding).
 31895 | Vaults:3 | 31895 ||| Stepping ~*~*~tactically~*~*~ (hiding).
 32005 | Vaults:3 | 32005 ||| Stepping ~*~*~tactically~*~*~ (hiding).
 32006 | Vaults:3 | 32006 ||| Stepping ~*~*~tactically~*~*~ (hiding).
 32007 | Vaults:3 | 32007 ||| Stepping ~*~*~tactically~*~*~ (hiding).
 32009 | Vaults:3 | 32009 ||| Stepping ~*~*~tactically~*~*~ (hiding).
 32021 | Vaults:3 | Received a gift from Okawaru
 32105 | Vaults:3 | 32105 ||| Stepping ~*~*~tactically~*~*~ (stealth).
 32345 | Vaults:4 | 32345 ||| Stepping ~*~*~tactically~*~*~ (stealth).
 32367 | Vaults:4 | Received a gift from Okawaru
 32383 | Vaults:4 | 32383 ||| Stepping ~*~*~tactically~*~*~ (hiding).
 32384 | Vaults:4 | 32384 ||| Stepping ~*~*~tactically~*~*~ (hiding).
 32424 | Vaults:4 | 32424 ||| Stepping ~*~*~tactically~*~*~ (hiding).
 32427 | Vaults:4 | 32427 ||| Stepping ~*~*~tactically~*~*~ (hiding).
 32428 | Vaults:4 | 32428 ||| Stepping ~*~*~tactically~*~*~ (hiding).
 32450 | Vaults:4 | Found Lewaefubb's Jewellery Shoppe.
 32459 | Vaults:4 | 32459 ||| SHOPLISTING +4 ring of protection (756 gold, have
                  | 497).
 32459 | Vaults:4 | 32459 ||| SHOPLISTING +5 ring of evasion (756 gold, have
                  | 497).
 32459 | Vaults:4 | 32459 ||| SHOPLISTING ring of Ixouchud {rPois rF+ Will-
                  | Dex+6} (1050 gold, have 497).
 32459 | Vaults:4 | 32459 ||| SHOPLISTING ring of Jomnyipp {rN+ Str+6 Slay+3
                  | SInv} (1344 gold, have 497).
 32472 | Vaults:4 | 32472 ||| Stepping ~*~*~tactically~*~*~ (hiding).
 32592 | Vaults:4 | 32592 ||| Stepping ~*~*~tactically~*~*~ (hiding).
 32593 | Vaults:4 | 32593 ||| Stepping ~*~*~tactically~*~*~ (hiding).
 32595 | Vaults:4 | 32595 ||| Stepping ~*~*~tactically~*~*~ (hiding).
 32597 | Vaults:4 | 32597 ||| Stepping ~*~*~tactically~*~*~ (stealth).
 32714 | Vaults:4 | Received a gift from Okawaru
 32724 | Vaults:4 | Reached skill level 9 in Throwing
 32767 | Vaults:4 | Found a runed translucent door.
 33161 | Vaults:4 | 33161 ||| Stepping ~*~*~tactically~*~*~ (hiding).
 33162 | Vaults:4 | 33162 ||| Stepping ~*~*~tactically~*~*~ (hiding).
 33164 | Vaults:4 | 33164 ||| Stepping ~*~*~tactically~*~*~ (hiding).
 33165 | Vaults:4 | 33165 ||| Stepping ~*~*~tactically~*~*~ (hiding).
 33166 | Vaults:4 | 33166 ||| Stepping ~*~*~tactically~*~*~ (hiding).
 33178 | Vaults:4 | 33178 ||| FLEEEEING.
 33179 | Vaults:4 | 33179 ||| FLEEEEING.
 33253 | Vaults:4 | 33253 ||| Stepping ~*~*~tactically~*~*~ (hiding).
 33255 | Vaults:4 | 33255 ||| Stepping ~*~*~tactically~*~*~ (hiding).
 33466 | Vaults:4 | 33466 ||| Stepping ~*~*~tactically~*~*~ (hiding).
 33467 | Vaults:4 | 33467 ||| Stepping ~*~*~tactically~*~*~ (hiding).
 33570 | Vaults:4 | Noticed Angmar's ghost (veteran DrAE)
 33572 | Vaults:4 | 33572 ||| PLANNING SPIDER:4
 33572 | Vaults:4 | 33572 ||| DROPPING ring of wizardry.
 33900 | Spider:4 | Entered Level 4 of the Spider Nest
 33954 | Spider:4 | 33954 ||| Stepping ~*~*~tactically~*~*~ (stealth).
 33987 | Spider:4 | 33987 ||| Stepping ~*~*~tactically~*~*~ (stealth).
 34076 | Spider:4 | Received a gift from Okawaru
 34219 | Spider:4 | 34219 ||| Stepping ~*~*~tactically~*~*~ (stealth).
 34229 | Spider:4 | 34229 ||| INVOKING Heroism.
 34238 | Spider:4 | 34238 ||| Stepping ~*~*~tactically~*~*~ (stealth).
 34239 | Spider:4 | 34239 ||| Stepping ~*~*~tactically~*~*~ (stealth).
 34388 | Spider:4 | 34388 ||| Stepping ~*~*~tactically~*~*~ (stealth).
 34458 | Spider:4 | 34458 ||| Stepping ~*~*~tactically~*~*~ (stealth).
 34460 | Spider:4 | 34460 ||| Stepping ~*~*~tactically~*~*~ (stealth).
 34493 | Spider:4 | 34493 ||| Stepping ~*~*~tactically~*~*~ (hiding).
 34496 | Spider:4 | Reached ****** piety under Okawaru
 34577 | Spider:4 | 34577 ||| Stepping ~*~*~tactically~*~*~ (stealth).
 34578 | Spider:4 | 34578 ||| Stepping ~*~*~tactically~*~*~ (stealth).
 34584 | Spider:4 | 34584 ||| INVOKING Heroism.
 34621 | Spider:4 | 34621 ||| Stepping ~*~*~tactically~*~*~ (stealth).
 34632 | Spider:4 | Received a gift from Okawaru
 34648 | Spider:4 | 34648 ||| Stepping ~*~*~tactically~*~*~ (stealth).
 34680 | Spider:4 | 34680 ||| Stepping ~*~*~tactically~*~*~ (stealth).
 35036 | Spider:4 | 35036 ||| Stepping ~*~*~tactically~*~*~ (stealth).
 35169 | Spider:4 | 35169 ||| INVOKING Heroism.
 35254 | Spider:4 | Received a gift from Okawaru
 35328 | Spider:4 | Got a gossamer rune of Zot
 35348 | Spider:4 | 35348 ||| Stepping ~*~*~tactically~*~*~ (stealth).
 35375 | Spider:4 | 35375 ||| PLANNING DEPTHS
 35375 | Spider:4 | 35375 ||| DROPPING +1 pair of boots of stealth.
 35722 | Depths:1 | Entered Level 1 of the Depths
 35763 | Depths:1 | 35763 ||| Stepping ~*~*~tactically~*~*~ (stealth).
 35765 | Depths:1 | 35765 ||| Stepping ~*~*~tactically~*~*~ (hiding).
 35778 | Depths:1 | Reached XP level 21. HP: 131/136 MP: 28/28
 35799 | Depths:1 | Found a one-way gate leading to the halls of Pandemonium.
 35800 | Depths:1 | 35800 ||| INVOKING Heroism.
 35837 | Depths:1 | 35837 ||| Stepping ~*~*~tactically~*~*~ (hiding).
 35960 | Depths:1 | Found Etuxuamn's Antique Weapon Emporium.
 35971 | Depths:1 | 35971 ||| Stepping ~*~*~tactically~*~*~ (hiding).
 35974 | Depths:1 | 35974 ||| INVOKING Heroism.
 35975 | Depths:1 | 35975 ||| INVOKING Finesse.
 36028 | Depths:1 | Found Cuimuroi's Armour Shoppe.
 36036 | Depths:1 | 36036 ||| BUYING +1 cloak of willpower (363 gold).
 36036 | Depths:1 | Bought a +1 cloak of willpower for 363 gold pieces
 36036 | Depths:1 | 36036 ||| BUYING +4 cloak of the Moon {Harm +Blink rF+
                  | Stlth+} (1062 gold).
 36036 | Depths:1 | Bought the +4 cloak of the Moon {Harm +Blink rF+ Stlth+}
                  | for 1062 gold pieces
 36060 | Depths:1 | 36060 ||| Stepping ~*~*~tactically~*~*~ (hiding).
 36146 | Depths:1 | Found a gateway to Hell.
 36207 | Depths:1 | 36207 ||| INVOKING Heroism.
 36208 | Depths:1 | 36208 ||| INVOKING Finesse.
 36352 | Depths:1 | 36352 ||| Stepping ~*~*~tactically~*~*~ (stealth).
 36355 | Depths:1 | 36355 ||| Stepping ~*~*~tactically~*~*~ (hiding).
 36374 | Depths:1 | 36374 ||| INVOKING Heroism.
 36375 | Depths:1 | 36375 ||| INVOKING Finesse.
 36444 | Depths:1 | Received a gift from Okawaru
 36479 | Depths:1 | 36479 ||| Stepping ~*~*~tactically~*~*~ (stealth).
 36479 | Depths:1 | Found Zithruhogg's Overcharged Wands.
 36480 | Depths:1 | 36480 ||| Stepping ~*~*~tactically~*~*~ (stealth).
 36481 | Depths:1 | 36481 ||| INVOKING Heroism.
 36482 | Depths:1 | 36482 ||| INVOKING Finesse.
 36548 | Depths:1 | 36548 ||| BUYING wand of digging (11) (693 gold).
 36548 | Depths:1 | Bought a wand of digging (11) for 693 gold pieces
 36548 | Depths:1 | 36548 ||| BUYING wand of digging (11) (693 gold).
 36548 | Depths:1 | Bought a wand of digging (11) for 693 gold pieces
 36599 | Depths:1 | Found Lanalats's Book Shoppe.
 36606 | Depths:1 | 36606 ||| INVOKING Heroism.
 36681 | Depths:1 | 36681 ||| UPGRADING to +1 cloak of willpower.
 36691 | Depths:1 | 36691 ||| DROPPING +0 cloak of willpower.
 36775 | Depths:2 | 36775 ||| DRINKING 13 potions of curing.
 36775 | Depths:2 | 36775 ||| (to cure confusion)
 36777 | Depths:2 | 36777 ||| INVOKING Finesse.
 36780 | Depths:2 | 36780 ||| INVOKING Heroism.
 36843 | Depths:2 | Found a shimmering altar of Xom.
 36846 | Depths:2 | Noticed a caustic shrike
 36846 | Depths:2 | Noticed a caustic shrike
 36847 | Depths:2 | 36847 ||| INVOKING Heroism.
 36853 | Depths:2 | Killed a caustic shrike
 36853 | Depths:2 | Received a gift from Okawaru
 36863 | Depths:2 | Killed a caustic shrike
 36932 | Depths:2 | 36932 ||| INVOKING Heroism.
 36980 | Depths:2 | 36980 ||| Stepping ~*~*~tactically~*~*~ (hiding).
 36983 | Depths:2 | 36983 ||| INVOKING Heroism.
 36992 | Depths:2 | 36992 ||| Stepping ~*~*~tactically~*~*~ (hiding).
 36995 | Depths:2 | Noticed a caustic shrike
 37007 | Depths:2 | Killed a caustic shrike
 37059 | Depths:2 | Noticed a golden dragon
 37060 | Depths:2 | 37060 ||| Stepping ~*~*~tactically~*~*~ (hiding).
 37062 | Depths:2 | 37062 ||| Stepping ~*~*~tactically~*~*~ (hiding).
 37063 | Depths:2 | 37063 ||| Stepping ~*~*~tactically~*~*~ (hiding).
 37064 | Depths:2 | 37064 ||| Stepping ~*~*~tactically~*~*~ (hiding).
 37067 | Depths:2 | 37067 ||| INVOKING Heroism.
 37076 | Depths:2 | Killed a golden dragon
 37076 | Depths:2 | Received a gift from Okawaru
 37097 | Depths:2 | Noticed a juggernaut
 37098 | Depths:2 | 37098 ||| Stepping ~*~*~tactically~*~*~ (hiding).
 37099 | Depths:2 | 37099 ||| Stepping ~*~*~tactically~*~*~ (hiding).
 37099 | Depths:2 | Noticed a golden dragon
 37108 | Depths:2 | 37108 ||| INVOKING Heroism.
 37119 | Depths:2 | Killed a juggernaut
 37140 | Depths:2 | Noticed a juggernaut
 37154 | Depths:2 | Identified the +5 long sword of Conscience {distort, rElec
                  | Int+2}
 37155 | Depths:2 | 37155 ||| Stepping ~*~*~tactically~*~*~ (stealth).
 37156 | Depths:2 | 37156 ||| INVOKING Heroism.
 37158 | Depths:2 | 37158 ||| Stepping ~*~*~tactically~*~*~ (hiding).
 37169 | Depths:2 | 37169 ||| Stepping ~*~*~tactically~*~*~ (stealth).
 37170 | Depths:2 | Noticed a golden dragon
 37173 | Depths:2 | Noticed a golden dragon
 37175 | Depths:2 | 37175 ||| DROPPING scarf of shadows.
 37198 | Depths:2 | Killed a golden dragon
 37201 | Depths:2 | Killed a golden dragon
 37201 | Depths:2 | Received a gift from Okawaru
 37244 | Depths:2 | 37244 ||| Stepping ~*~*~tactically~*~*~ (hiding).
 37245 | Depths:2 | 37245 ||| Stepping ~*~*~tactically~*~*~ (hiding).
 37248 | Depths:2 | 37248 ||| INVOKING Heroism.
 37249 | Depths:2 | 37249 ||| Stepping ~*~*~tactically~*~*~ (hiding).
 37259 | Depths:2 | Killed a juggernaut
 37260 | Depths:2 | Reached skill level 21 in Armour
 37363 | Depths:2 | 37363 ||| INVOKING Heroism.
 37380 | Depths:2 | 37380 ||| Stepping ~*~*~tactically~*~*~ (hiding).
 37382 | Depths:2 | 37382 ||| INVOKING Heroism.
 37393 | Depths:2 | Killed a golden dragon
 37416 | Depths:2 | 37416 ||| Stepping ~*~*~tactically~*~*~ (hiding).
 37466 | Depths:2 | 37466 ||| Stepping ~*~*~tactically~*~*~ (stealth).
 37637 | Depths:2 | 37637 ||| Stepping ~*~*~tactically~*~*~ (hiding).
 37753 | Depths:2 | 37753 ||| Stepping ~*~*~tactically~*~*~ (hiding).
 38041 | Depths:2 | 38041 ||| Stepping ~*~*~tactically~*~*~ (hiding).
 38044 | Depths:2 | 38044 ||| INVOKING Heroism.
 38164 | Depths:2 | 38164 ||| DROPPING +2 pair of boots of stealth.
 38189 | Depths:3 | Noticed Grunn
 38189 | Depths:3 | You are sucked into a shaft and drop 1 floor!
 38189 | Depths:4 | Entered Level 4 of the Depths
 38203 | Depths:3 | 38203 ||| INVOKING Heroism.
 38260 | Depths:3 | 38260 ||| Stepping ~*~*~tactically~*~*~ (stealth).
 38264 | Depths:3 | 38264 ||| Stepping ~*~*~tactically~*~*~ (hiding).
 38268 | Depths:3 | 38268 ||| INVOKING Heroism.
 38274 | Depths:3 | Reached XP level 22. HP: 126/145 MP: 27/29
 38282 | Depths:3 | Received a gift from Okawaru
 38283 | Depths:3 | 38283 ||| INVOKING Finesse.
 38343 | Depths:3 | 38343 ||| INVOKING Heroism.
 38357 | Depths:3 | Killed Grunn
 38380 | Depths:3 | Found Ceseg's Antique Armour Emporium.
 38386 | Depths:3 | Found a one-way gateway to a ziggurat.
 38390 | Depths:3 | 38390 ||| BUYING pair of glowing gloves (195 gold).
 38390 | Depths:3 | Bought a pair of glowing gloves for 195 gold pieces
 38465 | Depths:3 | 38465 ||| INVOKING Heroism.
 38468 | Depths:3 | Reached skill level 18 in Fighting
 38490 | Depths:3 | 38490 ||| Stepping ~*~*~tactically~*~*~ (hiding).
 38509 | Depths:3 | Noticed a caustic shrike
 38515 | Depths:3 | 38515 ||| INVOKING Heroism.
 38525 | Depths:3 | Killed a caustic shrike
 38525 | Depths:3 | Received a gift from Okawaru
 38528 | Depths:3 | 38528 ||| Stepping ~*~*~tactically~*~*~ (hiding).
 38554 | Depths:3 | Received a gift from Okawaru
 38563 | Depths:3 | Noticed a caustic shrike
 38563 | Depths:3 | Noticed a caustic shrike
 38563 | Depths:3 | 38563 ||| INVOKING Heroism.
 38563 | Depths:3 | Noticed a caustic shrike
 38591 | Depths:3 | 38591 ||| Stepping ~*~*~tactically~*~*~ (stealth).
 38637 | Depths:3 | Found the +10 tower shield of Ignorance {rN+ Int-4}
 38643 | Depths:3 | 38643 ||| INVOKING Heroism.
 38647 | Depths:3 | 38647 ||| DROPPING +2 pair of gloves.
 38907 | Depths:3 | Found an iron altar of Okawaru.
 38952 | Depths:3 | 38952 ||| INVOKING Heroism.
 39229 | Depths:3 | Found a corrupted altar of Lugonu.
 39230 | Depths:3 | Found a one-way gate to the infinite horrors of the Abyss.
 39247 | Depths:3 | 39247 ||| UPGRADING to +10 tower shield of Ignorance {rN+
                  | Int-4}.
 39257 | Depths:3 | 39257 ||| DROPPING +0 tower shield.
 39285 | Depths:4 | 39285 ||| Stepping ~*~*~tactically~*~*~ (hiding).
 39286 | Depths:4 | 39286 ||| Stepping ~*~*~tactically~*~*~ (stealth).
 39422 | Depths:4 | 39422 ||| Stepping ~*~*~tactically~*~*~ (hiding).
 39665 | Depths:4 | 39665 ||| Stepping ~*~*~tactically~*~*~ (hiding).
 39730 | Depths:4 | Found a gate to the Realm of Zot.
 39731 | Depths:4 | 39731 ||| Stepping ~*~*~tactically~*~*~ (hiding).
 39765 | Depths:4 | 39765 ||| INVOKING Heroism.
 39813 | Depths:4 | 39813 ||| Stepping ~*~*~tactically~*~*~ (hiding).
 39842 | Depths:4 | 39842 ||| Stepping ~*~*~tactically~*~*~ (hiding).
 39843 | Depths:4 | 39843 ||| INVOKING Heroism.
 39958 | Depths:4 | Received a gift from Okawaru
 40083 | Depths:4 | 40083 ||| INVOKING Finesse.
 40156 | Depths:4 | 40156 ||| INVOKING Heroism.
 40157 | Depths:4 | 40157 ||| INVOKING Finesse.
 40164 | Depths:4 | 40164 ||| Stepping ~*~*~tactically~*~*~ (hiding).
 40168 | Depths:4 | 40168 ||| Stepping ~*~*~tactically~*~*~ (hiding).
 40219 | Depths:4 | 40219 ||| READING scroll of acquirement.
 40219 | Depths:4 | 40219 ||| ACQUIRING ring of Symmetry {rElec rC- Will+ Str+3
                  | Dex+6}
 40219 | Depths:4 | Acquired the ring of Symmetry {rElec rC- Will+ Str+3 Dex+6}
 40245 | Depths:4 | 40245 ||| INVOKING Heroism.
 40246 | Depths:4 | 40246 ||| INVOKING Finesse.
 40371 | Depths:4 | 40371 ||| Stepping ~*~*~tactically~*~*~ (stealth).
 40372 | Depths:4 | 40372 ||| INVOKING Heroism.
 40456 | Depths:4 | 40456 ||| PLANNING VAULTS:5
 40456 | Depths:4 | 40456 ||| UPGRADING to ring of Symmetry {rElec rC- Will+
                  | Str+3 Dex+6}.
 40739 | Vaults:5 | Entered Level 5 of the Vaults
 40741 | Vaults:5 | 40741 ||| INVOKING Heroism.
 40749 | Vaults:5 | Reached skill level 9 in Dodging
 40757 | Vaults:5 | 40757 ||| INVOKING Finesse.
 40761 | Vaults:5 | Reached XP level 23. HP: 129/155 MP: 24/30
 40763 | Vaults:5 | Received a gift from Okawaru
 40780 | Vaults:5 | Noticed a golden dragon
 40805 | Vaults:5 | 40805 ||| INVOKING Finesse.
 40806 | Vaults:5 | 40806 ||| INVOKING Heroism.
 40808 | Vaults:5 | Killed a golden dragon
 40861 | Vaults:5 | 40861 ||| FLEEEEING.
 40862 | Vaults:5 | 40862 ||| FLEEEEING.
 40882 | Vaults:5 | 40882 ||| Stepping ~*~*~tactically~*~*~ (stealth).
 40883 | Vaults:5 | 40883 ||| Stepping ~*~*~tactically~*~*~ (stealth).
 40888 | Vaults:5 | 40888 ||| INVOKING Finesse.
 40917 | Vaults:5 | 40917 ||| INVOKING Heroism.
 40923 | Vaults:5 | 40923 ||| Stepping ~*~*~tactically~*~*~ (hiding).
 40978 | Vaults:5 | Identified the ring "Sinles" {rF+ Str-2 Dex+2 SInv}
 40979 | Vaults:5 | 40979 ||| Stepping ~*~*~tactically~*~*~ (stealth).
 40980 | Vaults:5 | 40980 ||| Stepping ~*~*~tactically~*~*~ (stealth).
 40991 | Vaults:5 | 40991 ||| INVOKING Heroism.
 40992 | Vaults:5 | 40992 ||| INVOKING Finesse.
 41003 | Vaults:5 | Received a gift from Okawaru
 41098 | Vaults:5 | 41098 ||| Stepping ~*~*~tactically~*~*~ (stealth).
 41101 | Vaults:5 | 41101 ||| Stepping ~*~*~tactically~*~*~ (hiding).
 41177 | Vaults:5 | 41177 ||| INVOKING Heroism.
 41178 | Vaults:5 | 41178 ||| INVOKING Finesse.
 41221 | Vaults:5 | 41221 ||| Stepping ~*~*~tactically~*~*~ (stealth).
 41226 | Vaults:5 | 41226 ||| Stepping ~*~*~tactically~*~*~ (hiding).
 41227 | Vaults:5 | 41227 ||| Stepping ~*~*~tactically~*~*~ (hiding).
 41228 | Vaults:5 | 41228 ||| Stepping ~*~*~tactically~*~*~ (hiding).
 41229 | Vaults:5 | 41229 ||| Stepping ~*~*~tactically~*~*~ (hiding).
 41230 | Vaults:5 | 41230 ||| Stepping ~*~*~tactically~*~*~ (hiding).
 41231 | Vaults:5 | 41231 ||| Stepping ~*~*~tactically~*~*~ (hiding).
 41232 | Vaults:5 | 41232 ||| Stepping ~*~*~tactically~*~*~ (hiding).
 41233 | Vaults:5 | 41233 ||| Stepping ~*~*~tactically~*~*~ (hiding).
 41234 | Vaults:5 | 41234 ||| Stepping ~*~*~tactically~*~*~ (hiding).
 41235 | Vaults:5 | 41235 ||| Stepping ~*~*~tactically~*~*~ (hiding).
 41294 | Vaults:5 | 41294 ||| Stepping ~*~*~tactically~*~*~ (stealth).
 41317 | Vaults:5 | Identified the staff of death "Qoimoceuc" {rC+ rN+ SInv}
 41331 | Vaults:5 | 41331 ||| Stepping ~*~*~tactically~*~*~ (hiding).
 41332 | Vaults:5 | 41332 ||| Stepping ~*~*~tactically~*~*~ (hiding).
 41334 | Vaults:5 | 41334 ||| Stepping ~*~*~tactically~*~*~ (hiding).
 41335 | Vaults:5 | 41335 ||| Stepping ~*~*~tactically~*~*~ (hiding).
 41354 | Vaults:5 | Identified the +12 shortbow of Disintegration {speed, *Slow
                  | rElec Will+++ Str+4}
 41356 | Vaults:5 | Got a silver rune of Zot
 41357 | Vaults:5 | Identified the staff of fire "Boamnoun" {rPois rF+ Dex+4}
 41435 | Vaults:5 | 41435 ||| INVOKING Heroism.
 41496 | Vaults:5 | 41496 ||| FLEEEEING.
 41497 | Vaults:5 | 41497 ||| FLEEEEING.
 41498 | Vaults:5 | 41498 ||| FLEEEEING.
 41499 | Vaults:5 | 41499 ||| FLEEEEING.
 41500 | Vaults:5 | 41500 ||| FLEEEEING.
 41501 | Vaults:5 | 41501 ||| FLEEEEING.
 41502 | Vaults:5 | 41502 ||| FLEEEEING.
 41503 | Vaults:5 | 41503 ||| FLEEEEING.
 41504 | Vaults:5 | 41504 ||| FLEEEEING.
 41505 | Vaults:5 | 41505 ||| FLEEEEING.
 41507 | Vaults:5 | 41507 ||| FLEEEEING.
 41508 | Vaults:5 | 41508 ||| FLEEEEING.
 41509 | Vaults:5 | 41509 ||| FLEEEEING.
 41510 | Vaults:5 | 41510 ||| FLEEEEING.
 41511 | Vaults:5 | 41511 ||| FLEEEEING.
 41512 | Vaults:5 | 41512 ||| FLEEEEING.
 41513 | Vaults:5 | 41513 ||| FLEEEEING.
 41514 | Vaults:5 | 41514 ||| FLEEEEING.
 41515 | Vaults:5 | 41515 ||| FLEEEEING.
 41516 | Vaults:5 | 41516 ||| FLEEEEING.
 41517 | Vaults:5 | 41517 ||| FLEEEEING.
 41519 | Vaults:5 | 41519 ||| FLEEEEING.
 41590 | Vaults:5 | 41590 ||| INVOKING Heroism.
 41600 | Vaults:5 | Received a gift from Okawaru
 41665 | Vaults:5 | Identified the +6 trident of Gallantry {flame, Will- Int+5}
 41665 | Vaults:5 | Identified the ring of Sloth {rC+ Str+4}
 41666 | Vaults:5 | 41666 ||| Stepping ~*~*~tactically~*~*~ (hiding).
 41760 | Vaults:5 | 41760 ||| Stepping ~*~*~tactically~*~*~ (stealth).
 41762 | Vaults:5 | 41762 ||| Stepping ~*~*~tactically~*~*~ (hiding).
 41872 | Vaults:5 | 41872 ||| Stepping ~*~*~tactically~*~*~ (hiding).
 41879 | Vaults:5 | 41879 ||| INVOKING Heroism.
 41916 | Vaults:5 | 41916 ||| READING scroll of enchant armour.
 41916 | Vaults:5 | 41916 ||| ENCHANTING +2 crystal plate armour.
 41933 | Vaults:5 | 41933 ||| Stepping ~*~*~tactically~*~*~ (stealth).
 42002 | Vaults:5 | 42002 ||| FLEEEEING.
 42003 | Vaults:5 | 42003 ||| FLEEEEING.
 42004 | Vaults:5 | 42004 ||| FLEEEEING.
 42005 | Vaults:5 | 42005 ||| FLEEEEING.
 42006 | Vaults:5 | 42006 ||| FLEEEEING.
 42007 | Vaults:5 | 42007 ||| FLEEEEING.
 42008 | Vaults:5 | 42008 ||| FLEEEEING.
 42009 | Vaults:5 | 42009 ||| FLEEEEING.
 42010 | Vaults:5 | 42010 ||| FLEEEEING.
 42011 | Vaults:5 | 42011 ||| FLEEEEING.
 42012 | Vaults:5 | 42012 ||| FLEEEEING.
 42013 | Vaults:5 | 42013 ||| FLEEEEING.
 42016 | Vaults:5 | 42016 ||| FLEEEEING.
 42021 | Vaults:5 | 42021 ||| Stepping ~*~*~tactically~*~*~ (hiding).
 42024 | Vaults:5 | 42024 ||| INVOKING Heroism.
 42253 | Vaults:5 | 42253 ||| INVOKING Heroism.
 42334 | Vaults:5 | 42334 ||| Stepping ~*~*~tactically~*~*~ (stealth).
 42335 | Vaults:5 | 42335 ||| Stepping ~*~*~tactically~*~*~ (stealth).
 42337 | Vaults:5 | 42337 ||| INVOKING Heroism.
 42346 | Vaults:5 | 42346 ||| Stepping ~*~*~tactically~*~*~ (hiding).
 42440 | Vaults:5 | 42440 ||| PLANNING SHOPPING SPREE
 42440 | Vaults:5 | 42440 ||| DROPPING +8 chain mail of the Clam {+Blink rC+
                  | Dex-3}.
 42441 | Vaults:5 | 42441 ||| DROPPING +0 pair of boots of rampaging.
 42442 | Vaults:5 | 42442 ||| DROPPING scarf of repulsion.
 42443 | Vaults:5 | 42443 ||| DROPPING ring of protection from cold.
 42444 | Vaults:5 | 42444 ||| UPGRADING to ring "Sinles" {rF+ Str-2 Dex+2
                  | SInv}.
 42446 | Vaults:5 | 42446 ||| DROPPING ring of ice.
 42447 | Vaults:5 | 42447 ||| UPGRADING to ring of Sloth {rC+ Str+4}.
 42449 | Vaults:5 | 42449 ||| UPGRADING to +5 ring of evasion.
 42451 | Vaults:5 | 42451 ||| DROPPING +6 ring of dexterity.
 42830 | D:2      | 42830 ||| BUYING scroll of teleportation (39 gold).
 42830 | D:2      | Bought a scroll of teleportation for 39 gold pieces
 42830 | D:2      | 42830 ||| BUYING scroll of teleportation (39 gold).
 42830 | D:2      | Bought a scroll of teleportation for 39 gold pieces
 43124 | Vaults:1 | 43124 ||| BUYING potion of cancellation (160 gold).
 43124 | Vaults:1 | Bought a potion of cancellation for 160 gold pieces
 43124 | Vaults:1 | 43124 ||| BUYING potion of curing (60 gold).
 43124 | Vaults:1 | Bought a potion of curing for 60 gold pieces
 43124 | Vaults:1 | 43124 ||| BUYING potion of haste (200 gold).
 43124 | Vaults:1 | Bought a potion of haste for 200 gold pieces
 43124 | Vaults:1 | 43124 ||| BUYING potion of mutation (160 gold).
 43124 | Vaults:1 | Bought a potion of mutation for 160 gold pieces
 43313 | D:7      | 43313 ||| BUYING amulet of reflection (330 gold).
 43313 | D:7      | Bought an amulet of reflection for 330 gold pieces
 43313 | D:7      | 43313 ||| BUYING ring of fire (275 gold).
 43313 | D:7      | Bought a ring of fire for 275 gold pieces
 43313 | D:7      | 43313 ||| UPGRADING to amulet of reflection.
 43323 | D:7      | 43323 ||| DROPPING amulet of regeneration.
 43585 | Vaults:1 | 43585 ||| BUYING +0 pair of boots "Moshel" {Rampage rCorr
                  | Str-5 Dex+3} (270 gold).
 43585 | Vaults:1 | Bought the +0 pair of boots "Moshel" {Rampage rCorr Str-5
                  | Dex+3} for 270 gold pieces
 43585 | Vaults:1 | 43585 ||| CLEARING SHOPPING LIST
 43585 | Vaults:1 | 43585 ||| PLANNING ZOT:1-4
 43585 | Vaults:1 | 43585 ||| PLANNING ZOT:1-4
 43862 | Zot:1    | Entered Level 1 of the Realm of Zot
 43865 | Zot:1    | 43865 ||| INVOKING Heroism.
 43905 | Zot:1    | Found a transporter.
 43907 | Zot:1    | Found a transporter.
 43915 | Zot:1    | Identified the +1 cloak of Fuhismi {Dex+3}
 43916 | Zot:1    | Noticed Heoriaro's ghost (legendary GnFi)
 43919 | Zot:1    | Found a bloodstained altar of Trog.
 43919 | Zot:1    | Identified the +0 cloak of the Frog {Rampage +Blink rF++
                  | Str-2}
 43924 | Zot:1    | Noticed a golden dragon
 43925 | Zot:1    | 43925 ||| INVOKING Heroism.
 43928 | Zot:1    | Received a gift from Okawaru
 43936 | Zot:1    | Noticed an orb of fire
 43937 | Zot:1    | 43937 ||| DRINKING 5 potions of resistance.
 43947 | Zot:1    | Killed a golden dragon
 43949 | Zot:1    | 43949 ||| INVOKING Heroism.
 43957 | Zot:1    | Noticed a golden dragon
 43962 | Zot:1    | Killed an orb of fire
 43971 | Zot:1    | Killed a golden dragon
 43972 | Zot:1    | Reached skill level 21 in Shields
 44200 | Zot:1    | 44200 ||| Stepping ~*~*~tactically~*~*~ (hiding).
 44204 | Zot:1    | 44204 ||| INVOKING Heroism.
 44212 | Zot:1    | Received a gift from Okawaru
 44226 | Zot:1    | Noticed a curse toe
 44232 | Zot:1    | Found a transporter.
 44263 | Zot:1    | 44263 ||| INVOKING Heroism.
 44324 | Zot:1    | 44324 ||| Stepping ~*~*~tactically~*~*~ (hiding).
 44337 | Zot:1    | 44337 ||| Stepping ~*~*~tactically~*~*~ (hiding).
 44338 | Zot:1    | 44338 ||| Stepping ~*~*~tactically~*~*~ (hiding).
 44345 | Zot:1    | 44345 ||| INVOKING Heroism.
 44550 | Zot:1    | Identified the +0 pair of boots of Death's Door {Drain Fly
                  | rC+ Stlth+}
 44603 | Zot:1    | Identified the ring "Vetihu" {rCorr Int+5}
 44612 | Zot:1    | Found a transporter.
 44612 | Zot:1    | Identified the staff of conjuration "Tuozerr" {rCorr}
 44656 | Zot:1    | 44656 ||| INVOKING Heroism.
 44781 | Zot:1    | Reached XP level 24. HP: 139/164 MP: 30/30
 44915 | Zot:2    | 44915 ||| INVOKING Heroism.
 44948 | Zot:2    | 44948 ||| Stepping ~*~*~tactically~*~*~ (hiding).
 44978 | Zot:2    | 44978 ||| INVOKING Heroism.
 44998 | Zot:2    | 44998 ||| FLEEEEING.
 45003 | Zot:2    | 45003 ||| FLEEEEING.
 45004 | Zot:2    | 45004 ||| FLEEEEING.
 45123 | Zot:2    | 45123 ||| INVOKING Heroism.
 45316 | Zot:2    | Reached skill level 21 in Fighting
 45353 | Zot:2    | Noticed a curse toe
 45354 | Zot:2    | 45354 ||| INVOKING Heroism.
 45371 | Zot:2    | Killed a curse toe
 45380 | Zot:2    | Noticed a Killer Klown
 45382 | Zot:2    | Noticed a curse toe
 45384 | Zot:2    | Received a gift from Okawaru
 45415 | Zot:2    | Killed a curse toe
 45422 | Zot:2    | 45422 ||| INVOKING Heroism.
 45436 | Zot:2    | Killed a Killer Klown
 45437 | Zot:2    | Reached skill level 12 in Throwing
 45535 | Zot:2    | 45535 ||| Stepping ~*~*~tactically~*~*~ (stealth).
 45536 | Zot:2    | 45536 ||| Stepping ~*~*~tactically~*~*~ (stealth).
 45593 | Zot:2    | 45593 ||| Stepping ~*~*~tactically~*~*~ (hiding).
 45717 | Zot:2    | 45717 ||| Stepping ~*~*~tactically~*~*~ (hiding).
 45720 | Zot:2    | 45720 ||| INVOKING Heroism.
 45757 | Zot:2    | Received a gift from Okawaru
 45888 | Zot:2    | Noticed a curse toe
 45889 | Zot:2    | 45889 ||| INVOKING Heroism.
 45908 | Zot:2    | Killed a curse toe
 46041 | Zot:2    | 46041 ||| Stepping ~*~*~tactically~*~*~ (hiding).
 46043 | Zot:2    | 46043 ||| Stepping ~*~*~tactically~*~*~ (hiding).
 46045 | Zot:2    | 46045 ||| INVOKING Heroism.
 46170 | Zot:2    | 46170 ||| INVOKING Heroism.
 46291 | Zot:2    | 46291 ||| INVOKING Heroism.
 46700 | Zot:3    | 46700 ||| READING scroll of enchant armour.
 46700 | Zot:3    | 46700 ||| ENCHANTING +3 crystal plate armour.
 46704 | Zot:3    | 46704 ||| Stepping ~*~*~tactically~*~*~ (hiding).
 46706 | Zot:3    | 46706 ||| INVOKING Heroism.
 46742 | Zot:3    | 46742 ||| Stepping ~*~*~tactically~*~*~ (hiding).
 46743 | Zot:3    | 46743 ||| Stepping ~*~*~tactically~*~*~ (hiding).
 46763 | Zot:3    | 46763 ||| INVOKING Heroism.
 46871 | Zot:3    | Found Sickipho's CLEARANCE SALE!.
 46916 | Zot:3    | 46916 ||| Stepping ~*~*~tactically~*~*~ (hiding).
 46917 | Zot:3    | 46917 ||| Stepping ~*~*~tactically~*~*~ (hiding).
 46919 | Zot:3    | 46919 ||| INVOKING Heroism.
 47153 | Zot:3    | 47153 ||| Stepping ~*~*~tactically~*~*~ (hiding).
 47154 | Zot:3    | 47154 ||| Stepping ~*~*~tactically~*~*~ (hiding).
 47281 | Zot:3    | Noticed a Killer Klown
 47282 | Zot:3    | 47282 ||| INVOKING Heroism.
 47307 | Zot:3    | Killed a Killer Klown
 47369 | Zot:3    | 47369 ||| INVOKING Heroism.
 47568 | Zot:3    | 47568 ||| DROPPING amulet of guardian spirit.
 47608 | Zot:4    | 47608 ||| Stepping ~*~*~tactically~*~*~ (hiding).
 47618 | Zot:4    | Noticed a curse toe
 47619 | Zot:4    | 47619 ||| INVOKING Heroism.
 47637 | Zot:4    | HP: 39/168 [??? (9)]
 47638 | Zot:4    | 47638 ||| READING 11 scrolls of teleportation.
 47639 | Zot:4    | 47639 ||| DRINKING 7 potions of heal wounds.
 47647 | Zot:4    | Found a large runed translucent door.
 47647 | Zot:4    | Found a large runed translucent door.
 47647 | Zot:4    | Found a large runed translucent door.
 47883 | Zot:4    | Found a large runed translucent door.
 47883 | Zot:4    | Found a shimmering altar of Xom.
 47883 | Zot:4    | Found a large runed translucent door.
 47883 | Zot:4    | Noticed a Killer Klown
 47885 | Zot:4    | Found a large runed translucent door.
 47885 | Zot:4    | Found a large runed translucent door.
 47885 | Zot:4    | Identified the +1 robe of the Moon {Str+3}
 47885 | Zot:4    | Noticed a Killer Klown
 47885 | Zot:4    | Noticed a Killer Klown
 47899 | Zot:4    | 47899 ||| INVOKING Heroism.
 47904 | Zot:4    | Killed a Killer Klown
 47924 | Zot:4    | HP: 40/168 [Killer Klown/+10 club of flaming (8)]
 47925 | Zot:4    | 47925 ||| READING 10 scrolls of teleportation.
 47926 | Zot:4    | 47926 ||| DRINKING 6 potions of heal wounds.
 47926 | Zot:4    | Killed a Killer Klown
 47932 | Zot:4    | HP: 31/168 [Killer Klown/+10 club of flaming (19)]
 47933 | Zot:4    | 47933 ||| DRINKING 5 potions of heal wounds.
 47937 | Zot:4    | Identified the +6 great mace of Honour {freeze, rF- rN++
                  | Str+4}
 47937 | Zot:4    | Found a large runed translucent door.
 47937 | Zot:4    | Noticed a Killer Klown
 47937 | Zot:4    | Identified the +6 battleaxe of Vofehyz {chaos, rC+}
 47939 | Zot:4    | Noticed a Killer Klown
 47939 | Zot:4    | Noticed a Killer Klown
 47940 | Zot:4    | Identified the +2 triple crossbow of Bofoump {freeze,
                  | Str+4}
 47941 | Zot:4    | Paralysed by a Zot trap for 3 turns
 47950 | Zot:4    | Killed a Killer Klown
 47957 | Zot:4    | 47957 ||| ZAPPING wand of digging (33).
 47957 | Zot:4    | HP: 39/168 [??? (9)]
 47958 | Zot:4    | 47958 ||| READING 9 scrolls of teleportation.
 47959 | Zot:4    | 47959 ||| DRINKING 4 potions of heal wounds.
 47963 | Zot:4    | a Killer Klown changed into a caustic shrike
 47963 | Zot:4    | Noticed a caustic shrike
 47976 | Zot:4    | 47976 ||| Stepping ~*~*~tactically~*~*~ (stealth).
 48052 | Zot:4    | 48052 ||| Stepping ~*~*~tactically~*~*~ (stealth).
 48053 | Zot:4    | 48053 ||| Stepping ~*~*~tactically~*~*~ (stealth).
 48093 | Zot:4    | 48093 ||| INVOKING Heroism.
 48109 | Zot:4    | 48109 ||| Stepping ~*~*~tactically~*~*~ (stealth).
 48133 | Zot:4    | Received a gift from Okawaru
 48143 | Zot:4    | 48143 ||| INVOKING Heroism.
 48160 | Zot:4    | 48160 ||| Stepping ~*~*~tactically~*~*~ (stealth).
 48308 | Zot:4    | Noticed a Killer Klown
 48309 | Zot:4    | 48309 ||| Stepping ~*~*~tactically~*~*~ (stealth).
 48312 | Zot:4    | 48312 ||| Stepping ~*~*~tactically~*~*~ (hiding).
 48313 | Zot:4    | 48313 ||| Stepping ~*~*~tactically~*~*~ (hiding).
 48319 | Zot:4    | 48319 ||| INVOKING Heroism.
 48332 | Zot:4    | 48332 ||| Stepping ~*~*~tactically~*~*~ (hiding).
 48337 | Zot:4    | Killed a Killer Klown
 48508 | Zot:4    | 48508 ||| INVOKING Heroism.
 48717 | Zot:4    | 48717 ||| Stepping ~*~*~tactically~*~*~ (stealth).
 48722 | Zot:4    | 48722 ||| INVOKING Heroism.
 48733 | Zot:4    | Killed a curse toe
 48871 | Zot:4    | 48871 ||| Stepping ~*~*~tactically~*~*~ (hiding).
 48872 | Zot:4    | 48872 ||| INVOKING Heroism.
 48879 | Zot:4    | 48879 ||| DRINKING 10 potions of cancellation.
 48884 | Zot:4    | Killed a Killer Klown
 48889 | Zot:4    | Killed a Killer Klown
 48890 | Zot:4    | Reached XP level 25. HP: 154/175 MP: 30/30
 48899 | Zot:4    | Killed a Killer Klown
 49167 | Zot:4    | 49167 ||| PLANNING SLIME:5
 49167 | Zot:4    | 49167 ||| REMOVING ring "Sinles" {rF+ Str-2 Dex+2 SInv}.
 49168 | Zot:4    | 49168 ||| SWAPPING to +0 war axe "Gyexurgh" {flame, rN+
                  | rCorr Int+3 SInv}.
 49169 | Zot:4    | 49169 ||| UPGRADING to +2 cloak.
 49179 | Zot:4    | 49179 ||| UPGRADING to +0 pair of boots of Death's Door
                  | {Drain Fly rC+ Stlth+}.
 49189 | Zot:4    | 49189 ||| UPGRADING to +6 ring of strength.
 49190 | Zot:4    | 49190 ||| UPGRADING to ring of Sloth {rC+ Str+4}.
 49192 | Zot:4    | 49192 ||| UPGRADING to +2 pair of boots.
 73239 | Lair:5   | Glimpsed the power of Zot.
 73739 | Lair:5   | Glimpsed the power of Zot.
 74139 | Lair:5   | Glimpsed the power of Zot.
 74239 | Lair:5   | Touched by the power of Zot.
 74240 | Lair:5   | Glimpsed the power of Zot.
 74740 | Lair:5   | Glimpsed the power of Zot.
 75140 | Lair:5   | Glimpsed the power of Zot.
 75239 | Lair:5   | Touched by the power of Zot.
 75240 | Lair:5   | Glimpsed the power of Zot.
 75740 | Lair:5   | Glimpsed the power of Zot.
 76140 | Lair:5   | Glimpsed the power of Zot.
 76239 | Lair:5   | Touched by the power of Zot.
 76240 | Lair:5   | Glimpsed the power of Zot.
 76740 | Lair:5   | Glimpsed the power of Zot.
 77140 | Lair:5   | Glimpsed the power of Zot.
 77239 | Lair:5   | Touched by the power of Zot.
 77240 | Lair:5   | Glimpsed the power of Zot.
 77740 | Lair:5   | Glimpsed the power of Zot.
 78140 | Lair:5   | Glimpsed the power of Zot.
 78239 | Lair:5   | Touched by the power of Zot.
 78240 | Lair:5   | Glimpsed the power of Zot.
 78740 | Lair:5   | Glimpsed the power of Zot.
 79140 | Lair:5   | Glimpsed the power of Zot.
 79239 | Lair:5   | Touched by the power of Zot.
 79240 | Lair:5   | Glimpsed the power of Zot.
 79740 | Lair:5   | Glimpsed the power of Zot.
 80140 | Lair:5   | Glimpsed the power of Zot.
 80239 | Lair:5   | Touched by the power of Zot.
 80240 | Lair:5   | Glimpsed the power of Zot.
 80740 | Lair:5   | Glimpsed the power of Zot.
 81140 | Lair:5   | Glimpsed the power of Zot.
 81239 | Lair:5   | Touched by the power of Zot.
 81240 | Lair:5   | Glimpsed the power of Zot.
 81740 | Lair:5   | Glimpsed the power of Zot.
 82140 | Lair:5   | Glimpsed the power of Zot.
 82239 | Lair:5   | Touched by the power of Zot.
 82240 | Lair:5   | Glimpsed the power of Zot.
 82740 | Lair:5   | Glimpsed the power of Zot.
 83140 | Lair:5   | Glimpsed the power of Zot.
 83239 | Lair:5   | Touched by the power of Zot.
 83240 | Lair:5   | Glimpsed the power of Zot.
 83740 | Lair:5   | Glimpsed the power of Zot.
 84140 | Lair:5   | Glimpsed the power of Zot.
 84239 | Lair:5   | Touched by the power of Zot.
 84240 | Lair:5   | Glimpsed the power of Zot.
 84740 | Lair:5   | Glimpsed the power of Zot.
 85140 | Lair:5   | Glimpsed the power of Zot.
 85239 | Lair:5   | Touched by the power of Zot.
 85240 | Lair:5   | Glimpsed the power of Zot.
 85740 | Lair:5   | Glimpsed the power of Zot.
 86140 | Lair:5   | Glimpsed the power of Zot.
 86239 | Lair:5   | Touched by the power of Zot.
 86240 | Lair:5   | Glimpsed the power of Zot.
 86740 | Lair:5   | Glimpsed the power of Zot.
 87140 | Lair:5   | Glimpsed the power of Zot.
 87239 | Lair:5   | Touched by the power of Zot.
 87240 | Lair:5   | Glimpsed the power of Zot.
 87740 | Lair:5   | Glimpsed the power of Zot.
 88140 | Lair:5   | Glimpsed the power of Zot.
 88239 | Lair:5   | Touched by the power of Zot.
 88240 | Lair:5   | Glimpsed the power of Zot.
 88740 | Lair:5   | Glimpsed the power of Zot.
 89140 | Lair:5   | Glimpsed the power of Zot.
 89239 | Lair:5   | Touched by the power of Zot.
 89240 | Lair:5   | Glimpsed the power of Zot.
 89740 | Lair:5   | Glimpsed the power of Zot.
 90140 | Lair:5   | Glimpsed the power of Zot.
 90239 | Lair:5   | Touched by the power of Zot.
 90240 | Lair:5   | Quit the game

Levels and vault maps discovered:
D:1:      lightli_arrival_statuegarden, layout_loops_corners,
          dreamdust_ecumenical_altar_hidden_monk_grotto,
          minmay_misc_feat_diagonals
D:2:      layout_loops_cross, serial_shops, nicolae_shop_window_shopping
D:3:      layout_basic, minivault_19
D:4:      layout_rooms, minmay_temple_entry_steel_oval, serial_co_window_serial,
          co_window_paths_a, co_window_paths_a, co_window_paths_b,
          co_window_paths_b, co_window_paths_a, co_window_unsneaky_path_b,
          co_window_of_opportunity_c, co_window_broadway_b,
          co_window_broadway_a, co_window_corner_b, co_window_paths_c,
          glass_columns_b, glass_columns_c, glass_columns_a, glass_columns_c,
          glass_columns_a
D:5:      layout_loops_ring, dk_noncrumbling_4
D:6:      layout_rooms, uniq_duvessa, uniq_maggie
D:7:      nzn_winding_woodlands_cross
          [nzn_winding_woodlands_5x15_river_crossing,
          nzn_winding_woodlands_5x15_crooked, nzn_winding_woodlands_5x15_jagged,
          nzn_winding_woodlands_5x15_lazy_stream,
          nzn_winding_woodlands_15x15_five_gardens], layout_basic,
          nicolae_overflow_hallway_of_the_gods, serial_shops,
          nicolae_lakefront_shop, uniq_pikel, uniq_joseph
D:8:      layout_basic, enter_bailey_6, uniq_maurice
D:9:      layout_roguey, mainiacjoe_overflow_brackets, david_orc_3
D:10:     layout_big_octagon, trog_book, serial_glass, glass_columns_a,
          glass_columns_c, glass_columns_c, glass_columns_b
D:11:     due_megacathedral, layout_irregular_city, minmay_lair_entry_grove,
          corexii_leaking_fountain
D:12:     layout_long_grid
D:13:     layout_cave_pools, ximxim_vaults_locker_room, gauntlet_entry_generic
D:14:     layout_loops_ring, minmay_misc_feat_alley
D:15:     gammafunk_depths_entry_grave, layout_long_grid,
          grunt_dithmenos_smoke_and_mirrors, serial_co_window_serial,
          co_window_corner_a, co_window_paths_b, co_window_corner_a,
          co_window_paths_a, co_window_corner_a, co_window_broadway_c,
          co_window_of_opportunity_b, co_window_corner_cb,
          co_window_unsneaky_path_e, co_window_of_opportunity_c,
          co_window_corner_b, glass_columns_a, glass_columns_a, glass_columns_b,
          glass_columns_b, glass_columns_b, uniq_josephine
Temple:   nicolae_temple_superstar
Lair:1:   layout_regular_city, uniq_harold
Lair:2:   layout_gridlike, minmay_shoals_entry_centaurs, minmay_shattered_shrine
Lair:3:   wad_woods_stonehenge, layout_gridlike,
          nicolae_spider_entry_lesser_pyramids, grunt_megastairs_1
Lair:4:   layout_long_grid
Lair:5:   gammafunk_lair_ancient_temple, layout_misc_corridors, slime_entry_2,
          gammafunk_ghost_split, dreamdust_mushroom_princess,
          minmay_lair_oklob_items
Shoals:1: layout_shoals, nicolae_specific_store, uniq_nikola, uniq_mlioglotl,
          uniq_donald
Shoals:2: layout_shoals
Shoals:3: layout_shoals, portal_ice_cave_entry_ice_statue_one,
          ebering_ghost_gozag, nicolae_shop_vocational
Shoals:4: shoals_end_simple, layout_shoals, serial_shops, shop,
          nicolae_shop_advertising_works [nicolae_subvault_shop_adworks],
          uniq_bai_suzhen
Spider:1: layout_spider_delve, uniq_frances
Spider:2: layout_spider_delve, uniq_kirke, uniq_azrael
Spider:3: layout_spider_delve
Spider:4: floodkiller_spider_rune_tomb
Orc:1:    layout_caves, serial_shops, nicolae_shop_tiny_waterfront
Orc:2:    st_orc_pillars, layout_diamond_mine, basic_altar, serial_shops,
          nicolae_shop_back_alley_shop, uniq_snorg
Vaults:1: nicolae_vaults_steering_wheel, nicolae_vaults_mini_display_case,
          nicolae_vaults_variable_pillar_hall, v_misc_33,
          nicolae_vaults_fighting_squares, v_misc_11,
          vaults_standard_mumra_enter_the_diamond, nicolae_vaults_octothorpe,
          nicolae_vaults_sightless_eye, v_alt_pattern_3,
          vaults_room_mumra_shop_pool, layout_vaults_omnibox, serial_shops,
          nicolae_shop_window_shopping, nicolae_shop_statue_plus,
          nicolae_shop_behind_doors
Vaults:2: vaults_room_corners, nicolae_vaults_double_plus_2,
          nicolae_vaults_tangram_2, nicolae_vaults_offset_grid_hallway_3,
          vaults_room_octagon, nicolae_vaults_prndl, vaults_mumra_hex,
          minmay_crypt_entry_necro_gods, v_misc_29, grunt_vaults_focal,
          vaults_room_semicircle, nicolae_vaults_trapezoid_lopsided_1,
          layout_vaults_ring
Vaults:3: nicolae_vaults_offset_grid_hallway_4, nicolae_vaults_little_squares_1,
          nicolae_vaults_doubleplus_tesselated, hangedman_vaults_restitches,
          nicolae_vaults_little_squares_3, vaults_mumra_chevron,
          nicolae_vaults_network_square, vaults_mumra_minichess_inversion,
          layout_vaults_omnicross
Vaults:4: ebering_ghost_reflecting_pool, ontoclasm_vaults_decontamination,
          nicolae_vaults_turnstiles, nicolae_vaults_double_plus_3, v_misc_12,
          nicolae_vaults_ninety_degrees, nicolae_vaults_tetromino_T_2,
          ontoclasm_vaults_idyll, vaults_room_pools, v_rooms_3,
          layout_vaults_big_room, serial_shops, nicolae_shop_just_a_little_nook
Vaults:5
Depths:1: layout_roguey, serial_shops, kennysheep_mini_moat,
          nicolae_take_the_stairs, nicolae_shop_hallway_stairs,
          hangedman_glass_teeth, rand_demon_pan_entry_7, pf_coc_iceberg,
          nicolae_shop_overcharged_wands
Depths:2: minmay_tile_spiral, layout_small_grid, hell_entry,
          minmay_misc_feat_columns, rand_demon_pan_entry_1,
          argonaut_fire_from_heaven
Depths:3: minmay_the_grid_four_pointed_star
          [minmay_the_grid_triangle_9x9_zippers_vertical,
          minmay_the_grid_triangle_9x9_minimal,
          minmay_the_grid_triangle_9x9_alien,
          minmay_the_grid_triangle_9x9_wacky_v,
          minmay_the_grid_prize_inner_circle], layout_cave_pools,
          enter_ziggurat_e, serial_shops, shop_fountains, pan_entry,
          abyss_entry_flame_altar, minmay_misc_feat_cross, grunt_metal_band,
          kennysheep_okawaru_gauntlet, infiniplex_staircase_pool_2, uniq_grunn
Depths:4: grunt_zot_entry_tricorne, layout_gridlike, grunt_decor_arrowhead,
          hangedman_geh_valley
Zot:1:    gammafunk_sealed_arena, layout_misc_corridors,
          gammafunk_ghost_wrathful_warriors, grunt_megastairs_5
Zot:2:    layout_gridlike
Zot:3:    layout_gridlike, st_stairs_5, grunt_ministairs_9,
          nicolae_shop_clearance
Zot:4:    layout_onion_interference, hangedman_xom_zot_hilarity,
          grunt_megastairs_2

Skill      XL: |  1  2  3  4  5  6  7  8  9 10 11 12 13 14 15 16 17 18 19 20 21 22 23 24 |
---------------+-------------------------------------------------------------------------+-----
Axes           | 2 3 4 5 6 7 8 9 11 12 14 15 16 17 18 | 18.0
Fighting       | 4 5 7 8 9 10 12 13 15 16 17 19 20 22 | 22.7
Dodging        | 1 2 3 4 6 7 8 9 11 | 11.0
Invocations    | 1 4 6 10 | 10.0
Throwing       | 2 5 6 7 8 9 10 11 13 | 13.0
Armour         | 4 6 9 10 11 14 15 17 18 19 21 22 | 22.0
Shields        | 4 5 6 10 11 12 15 16 17 18 19 20 21 | 21.6

Action                     |  1- 3 |  4- 6 |  7- 9 | 10-12 | 13-15 | 16-18 | 19-21 | 22-24 | 25-27 || total
---------------------------+-------+-------+-------+-------+-------+-------+-------+-------+-------++-------
  Melee: War axe           |   113 |   117 |   243 |   205 |     9 |    13 |       |       |     8 ||   708
         Broad axe         |       |       |       |   272 |   785 |  1332 |  1295 |  1474 |     9 ||  5167
         Morningstar       |       |       |       |       |    37 |       |       |       |       ||    37
  Throw: Boomerang         |       |     2 |    22 |    77 |    73 |       |       |       |       ||   174
         Javelin           |       |       |       |       |    57 |   115 |   163 |   101 |       ||   436
 Invoke: Heroism           |       |     1 |    13 |    23 |    41 |    39 |    25 |    52 |       ||   194
         Finesse           |       |       |       |       |     9 |     6 |     7 |     9 |       ||    31
  Evoke: Wand              |       |       |       |       |       |       |       |     1 |       ||     1
    Use: Scroll            |     3 |     5 |     8 |     7 |     8 |    10 |       |     6 |       ||    47
         Potion            |       |     1 |     3 |     3 |     2 |     8 |     2 |     6 |       ||    25
   Stab: Petrifying        |       |       |       |       |     1 |       |       |       |       ||     1
 Armour: Scale mail        |    46 |       |       |       |       |       |       |       |       ||    46
         Ring mail         |     6 |    40 |       |       |       |       |       |       |       ||    46
         Chain mail        |       |    11 |   113 |   167 |     1 |    88 |       |       |       ||   380
         Plate armour      |       |       |       |   296 |   612 |       |       |       |       ||   908
         Crystal plate arm |       |       |       |       |       |   720 |   449 |   417 |     3 ||  1589
  Dodge: Dodged            |    47 |    47 |    81 |   227 |   234 |   358 |   328 |   427 |     1 ||  1750
  Block: Buckler           |    25 |    22 |    42 |   109 |       |       |       |       |       ||   198
         Kite shield       |       |       |       |   140 |   384 |       |       |       |       ||   524
         Tower shield      |       |       |       |       |   322 |  1296 |  1092 |  1713 |     8 ||  4431
         Reflection        |       |       |       |       |       |       |       |    17 |       ||    17

Table legend:
 A = Non-vault XP
 B = Vault XP
 C = Vault XP percentage of total XP
 D = Non-vault monster count
 E = Vault monster count
 F = Vault count percentage of total count
                 A         B        C        D         E       F
            +---------+---------+-------+---------+---------+-------
      Total |  536548 |  432300 |  44.6 |    1120 |     618 |  35.6
            +---------+---------+-------+---------+---------+-------
        D:1 |      34 |       0 |   0.0 |      18 |       0 |   0.0
        D:2 |      38 |       0 |   0.0 |      16 |       0 |   0.0
        D:3 |     105 |       0 |   0.0 |      17 |       0 |   0.0
        D:4 |     123 |       0 |   0.0 |      11 |       0 |   0.0
        D:5 |     957 |       0 |   0.0 |      16 |       0 |   0.0
        D:6 |     241 |     626 |  72.2 |      10 |       3 |  23.1
        D:7 |     846 |    4091 |  82.9 |      14 |      21 |  60.0
        D:8 |     776 |     496 |  39.0 |      13 |       1 |   7.1
        D:9 |    2281 |     255 |  10.1 |      30 |       6 |  16.7
       D:10 |    2576 |       0 |   0.0 |      21 |       0 |   0.0
       D:11 |    1529 |    3009 |  66.3 |      20 |      18 |  47.4
       D:12 |    3439 |       0 |   0.0 |      16 |       0 |   0.0
       D:13 |    6027 |    2864 |  32.2 |      17 |      11 |  39.3
       D:14 |    4019 |       0 |   0.0 |       8 |       0 |   0.0
       D:15 |    4685 |    5596 |  54.4 |      13 |      12 |  48.0
     Lair:1 |    7678 |     878 |  10.3 |      28 |       1 |   3.4
     Lair:2 |    4971 |    5009 |  50.2 |      27 |      11 |  28.9
     Lair:3 |    7790 |    7778 |  50.0 |      23 |      16 |  41.0
     Lair:4 |   10322 |       0 |   0.0 |      25 |       0 |   0.0
     Lair:5 |    5468 |   10012 |  64.7 |      12 |      23 |  65.7
   Shoals:1 |   14601 |    5406 |  27.0 |      35 |       3 |   7.9
   Shoals:2 |    9097 |       0 |   0.0 |      19 |       0 |   0.0
   Shoals:3 |    9709 |     466 |   4.6 |      21 |       1 |   4.5
   Shoals:4 |   18464 |   32324 |  63.6 |      33 |      42 |  56.0
   Spider:1 |   20165 |    1563 |   7.2 |      63 |       1 |   1.6
   Spider:2 |   19368 |    4589 |  19.2 |      46 |      14 |  23.3
   Spider:3 |    5536 |       0 |   0.0 |      12 |       0 |   0.0
   Spider:4 |   13959 |   30882 |  68.9 |      35 |      58 |  62.4
      Orc:1 |    5473 |       0 |   0.0 |      59 |       0 |   0.0
      Orc:2 |    4027 |   13797 |  77.4 |      48 |      73 |  60.3
   Vaults:1 |   30560 |   22559 |  42.5 |      43 |      33 |  43.4
   Vaults:2 |   30016 |   15023 |  33.4 |      51 |      19 |  27.1
   Vaults:3 |   22333 |   18798 |  45.7 |      26 |      23 |  46.9
   Vaults:4 |   18683 |   13998 |  42.8 |      25 |      23 |  47.9
   Vaults:5 |   26341 |   82760 |  75.9 |      32 |      81 |  71.7
   Depths:1 |   28456 |    2291 |   7.5 |      39 |       5 |  11.4
   Depths:2 |   14554 |   50234 |  77.5 |      17 |      31 |  64.6
   Depths:3 |   17575 |   30690 |  63.6 |      19 |      27 |  58.7
   Depths:4 |   40272 |   16864 |  29.5 |      49 |      16 |  24.6
      Zot:1 |   29755 |    1047 |   3.4 |      21 |       2 |   8.7
      Zot:2 |   62824 |       0 |   0.0 |      48 |       0 |   0.0
      Zot:3 |   13654 |   10337 |  43.1 |      10 |       7 |  41.2
      Zot:4 |   17221 |   33327 |  65.9 |      14 |      24 |  63.2
   Gauntlet |       0 |    4731 | 100.0 |       0 |      12 | 100.0
            +---------+---------+-------+---------+---------+-------
